Workbook

Sheet ASM & Model
B1: WIP Model for Intellectual Exercise
C3: < Historical > | M3: | Current | | N3: >>> Projection >>>
B4: james.yeh@yncm-rs.com | C4: =YEAR(C5) -> 2017 | D4: =YEAR(D5) -> 2017 | E4: =YEAR(E5) -> 2017 | F4: =YEAR(F5) -> 2017 | G4: =YEAR(G5) -> 2018 | H4: =YEAR(H5) -> 2018 | I4: =YEAR(I5) -> 2018 | J4: =YEAR(J5) -> 2018 | ... BF4: =YEAR(BF5) -> 2030
B5: (In thousands) | C5: 42825 | D5: 42916 | E5: 43008 | F5: 43100 | G5: 43190 | H5: 43281 | I5: 43373 | J5: 43465 | K5: 43555 | L5: 43646 | M5: 43738 | N5: 43830 | O5: 43921 | P5: 44012 | Q5: 44104 | R5: 44196 | S5: 44286 | T5: 44377 | U5: 44469 | V5: 44561 | W5: 44651 | X5: 44742 | Y5: 44834 | Z5: 44926 | AA5: 45016 | AB5: 45107 | AC5: 45199 | AD5: 45291 | AE5: 45382 | AF5: 45473 | AG5: 45565 | AH5: 45657 | AI5: 45747 | AJ5: 45838 | AK5: 45930 | AL5: 46022 | AM5: 46112 | AN5: 46203 | AO5: 46295 | AP5: 46387 | AQ5: 46477 | AR5: 46568 | AS5: 46660 | AT5: 46752 | AU5: 46843 | AV5: 46934 | AW5: 47026 | AX5: 47118 | AY5: 47208 | AZ5: 47299 | BA5: 47391 | BB5: 47483 | BC5: 47573 | BD5: 47664 | BE5: 47756 | BF5: 47848 | BG5: x | BH5: Annual Summary | BI5: 2017 | BJ5: 2018 | BK5: 2019 | BL5: 2020 | BM5: 2021 | BN5: 2022 | BO5: 2023 | BP5: 2024 | BQ5: 2025 | BR5: 2026 | BS5: 2027 | BT5: 2028 | BU5: 2029 | BV5: 2030
B7: Revenue | C7: 82425 | D7: 101128 | E7: 115953 | F7: 173346 | G7: 131359 | H7: 161192 | I7: 190197 | J7: 273184 | K7: 201911 | L7: 261249 | M7: =M86 -> 323190 | N7: =N86 -> 426420 | O7: =O86 -> 332920 | P7: =P86 -> 417765 | Q7: =Q86 -> 490470 | R7: =R86 -> 619725 | S7: =S86 -> 511720 | T7: =T86 -> 628430 | ... BF7: =BF86 -> 4424686.2 | BG7: x | BH7: Revenue | BI7: =SUMIF($C$4:$BF$4,BI$5,$C$7:$BF$7) -> 472852 | BJ7: =SUMIF($C$4:$BF$4,BJ$5,$C$7:$BF$7) -> 755932 | BK7: =SUMIF($C$4:$BF$4,BK$5,$C$7:$BF$7) -> 1212770 | BL7: =SUMIF($C$4:$BF$4,BL$5,$C$7:$BF$7) -> 1860880 | BM7: =SUMIF($C$4:$BF$4,BM$5,$C$7:$BF$7) -> 2741845 | BN7: =SUMIF($C$4:$BF$4,BN$5,$C$7:$BF$7) -> 3810272.5 | BO7: =SUMIF($C$4:$BF$4,BO$5,$C$7:$BF$7) -> 5053180 | BP7: =SUMIF($C$4:$BF$4,BP$5,$C$7:$BF$7) -> 6429247.5 | ... BV7: =SUMIF($C$4:$BF$4,BV$5,$C$7:$BF$7) -> 15327438
B8: QoQ (%) | D8: =D7/C7-1 -> 0.22690931 | E8: =E7/D7-1 -> 0.14659639 | F8: =F7/E7-1 -> 0.49496779 | G8: =G7/F7-1 -> -0.24221499 | H8: =H7/G7-1 -> 0.22711044 | I8: =I7/H7-1 -> 0.17994069 | J8: =J7/I7-1 -> 0.43632129 | K8: =K7/J7-1 -> -0.26089742 | ... BF8: =BF7/BE7-1 -> 0.10825959 | BG8: x | BH8: QoQ (%)
B9: YoY (%) | G9: =G7/C7-1 -> 0.5936791 | H9: =H7/D7-1 -> 0.59394035 | I9: =I7/E7-1 -> 0.64029391 | J9: =J7/F7-1 -> 0.57594637 | K9: =K7/G7-1 -> 0.537093 | L9: =L7/H7-1 -> 0.6207318 | M9: =M7/I7-1 -> 0.69923816 | N9: =N7/J7-1 -> 0.56092597 | ... BF9: =BF7/BB7-1 -> 0.086422106 | BG9: x | BH9: YoY (%) | BJ9: =BJ7/BI7-1 -> 0.59866512 | BK9: =BK7/BJ7-1 -> 0.60433743 | BL9: =BL7/BK7-1 -> 0.53440471 | BM9: =BM7/BL7-1 -> 0.47341312 | BN9: =BN7/BM7-1 -> 0.38967465 | BO9: =BO7/BN7-1 -> 0.32619911 | BP9: =BP7/BO7-1 -> 0.27231713 | BQ9: =BQ7/BP7-1 -> 0.22694102 | ... BV9: =BV7/BU7-1 -> 0.085882094
B10: Cost of Revenue | C10: 51542 | D10: 35991 | E10: 42457 | F10: 48674 | G10: 51653 | H10: 57974 | I10: 63649 | J10: 68308 | K10: 73694 | L10: 105415 | M10: =M7-M11 -> 114467.77 | N10: =N7-N11 -> 107956.27 | O10: =O7-O11 -> 117873.27 | P10: =P7-P11 -> 147569.02 | Q10: =Q7-Q11 -> 173015.77 | R10: =R7-R11 -> 156282.52 | S10: =S7-S11 -> 175336.07 | T10: =T7-T11 -> 215017.47 | ... BF10: =BF7-BF11 -> 884937.25 | BG10: x | BH10: Cost of Revenue | BI10: =SUMIF($C$4:$BF$4,BI$5,$C$10:$BF$10) -> 178664 | BJ10: =SUMIF($C$4:$BF$4,BJ$5,$C$10:$BF$10) -> 241584 | BK10: =SUMIF($C$4:$BF$4,BK$5,$C$10:$BF$10) -> 401533.04 | BL10: =SUMIF($C$4:$BF$4,BL$5,$C$10:$BF$10) -> 594740.58 | BM10: =SUMIF($C$4:$BF$4,BM$5,$C$10:$BF$10) -> 849710.38 | BN10: =SUMIF($C$4:$BF$4,BN$5,$C$10:$BF$10) -> 1144170.8 | BO10: =SUMIF($C$4:$BF$4,BO$5,$C$10:$BF$10) -> 1463250.1 | BP10: =SUMIF($C$4:$BF$4,BP$5,$C$10:$BF$10) -> 1800846.5 | ... BV10: =SUMIF($C$4:$BF$4,BV$5,$C$10:$BF$10) -> 4155762.6
B11: Gross Profit | C11: =C7-C10 -> 30883 | D11: =D7-D10 -> 65137 | E11: =E7-E10 -> 73496 | F11: =F7-F10 -> 124672 | G11: =G7-G10 -> 79706 | H11: =H7-H10 -> 103218 | I11: =I7-I10 -> 126548 | J11: =J7-J10 -> 204876 | ... L11: =L7-L10 -> 155834 | M11: =M7*M90-M91 -> 208722.23 | N11: =N7*N90-N91 -> 318463.73 | O11: =O7*O90-O91 -> 215046.73 | P11: =P7*P90-P91 -> 270195.98 | Q11: =Q7*Q90-Q91 -> 317454.23 | R11: =R7*R90-R91 -> 463442.48 | S11: =S7*S90-S91 -> 336383.93 | T11: =T7*T90-T91 -> 413412.53 | ... BF11: =BF7*BF90-BF91 -> 3539749 | BG11: x | BH11: Gross Profit | BI11: =SUMIF($C$4:$BF$4,BI$5,$C$11:$BF$11) -> 294188 | BJ11: =SUMIF($C$4:$BF$4,BJ$5,$C$11:$BF$11) -> 514348 | BK11: =SUMIF($C$4:$BF$4,BK$5,$C$11:$BF$11) -> 811236.96 | BL11: =SUMIF($C$4:$BF$4,BL$5,$C$11:$BF$11) -> 1266139.4 | BM11: =SUMIF($C$4:$BF$4,BM$5,$C$11:$BF$11) -> 1892134.6 | BN11: =SUMIF($C$4:$BF$4,BN$5,$C$11:$BF$11) -> 2666101.7 | BO11: =SUMIF($C$4:$BF$4,BO$5,$C$11:$BF$11) -> 3589929.9 | BP11: =SUMIF($C$4:$BF$4,BP$5,$C$11:$BF$11) -> 4628401 | ... BV11: =SUMIF($C$4:$BF$4,BV$5,$C$11:$BF$11) -> 11171675
B12: Gross Margin (%) | C12: =C11/C7 -> 0.37468001 | D12: =D11/D7 -> 0.6441045 | E12: =E11/E7 -> 0.63384302 | F12: =F11/F7 -> 0.71920898 | G12: =G11/G7 -> 0.60677989 | H12: =H11/H7 -> 0.64034195 | I12: =I11/I7 -> 0.66535224 | J12: =J11/J7 -> 0.74995607 | ... BF12: =BF11/BF7 -> 0.8 | BG12: x | BH12: Gross Margin (%) | BI12: =BI11/BI7 -> 0.62215662 | BJ12: =BJ11/BJ7 -> 0.6804157 | BK12: =BK11/BK7 -> 0.66891246 | BL12: =BL11/BL7 -> 0.68039821 | BM12: =BM11/BM7 -> 0.6900954 | BN12: =BN11/BN7 -> 0.69971419 | BO12: =BO11/BO7 -> 0.71042985 | BP12: =BP11/BP7 -> 0.71989778 | ... BV12: =BV11/BV7 -> 0.72886775
BG13: x
B14: Research & Development Exp. | C14: 48069 | D14: 51495 | E14: 53930 | F14: 54479 | G14: 60047 | H14: 61604 | I14: 63541 | J14: 66470 | K14: 76394 | L14: 801879 | M14: =M102+M129 -> 148117.14 | N14: =N102+N129 -> 141552.24 | O14: =O102+O129 -> 144837.56 | P14: =P102+P129 -> 173066 | Q14: =Q102+Q129 -> 197255.39 | R14: =R102+R129 -> 184026.7 | S14: =S102+S129 -> 194007.07 | T14: =T102+T129 -> 230483.85 | ... BF14: =BF102+BF129 -> 758364.68 | BG14: x | BH14: Research & Development Exp. | BI14: =SUMIF($C$4:$BF$4,BI$5,$C14:$BF14) -> 207973 | BJ14: =SUMIF($C$4:$BF$4,BJ$5,$C14:$BF14) -> 251662 | BK14: =SUMIF($C$4:$BF$4,BK$5,$C14:$BF14) -> 1167942.4 | BL14: =SUMIF($C$4:$BF$4,BL$5,$C14:$BF14) -> 699185.65 | BM14: =SUMIF($C$4:$BF$4,BM$5,$C14:$BF14) -> 922319.67 | BN14: =SUMIF($C$4:$BF$4,BN$5,$C14:$BF14) -> 1193069.8 | BO14: =SUMIF($C$4:$BF$4,BO$5,$C14:$BF14) -> 1353415.9 | BP14: =SUMIF($C$4:$BF$4,BP$5,$C14:$BF14) -> 1659913.7 | ... BV14: =SUMIF($C$4:$BF$4,BV$5,$C14:$BF14) -> 3451442.4
B15: R&D Exp. Ratio (%) | C15: =C14/C7 -> 0.58318471 | D15: =D14/D7 -> 0.50920615 | E15: =E14/E7 -> 0.46510224 | F15: =F14/F7 -> 0.31427896 | G15: =G14/G7 -> 0.45712132 | H15: =H14/H7 -> 0.38217778 | I15: =I14/I7 -> 0.33407993 | J15: =J14/J7 -> 0.24331586 | ... BF15: =BF14/BF7 -> 0.171394 | BG15: x | BH15: R&D Exp. Ratio (%) | BI15: =BI14/BI7 -> 0.43982684 | BJ15: =BJ14/BJ7 -> 0.33291619 | BK15: =BK14/BK7 -> 0.96303699 | BL15: =BL14/BL7 -> 0.3757285 | BM15: =BM14/BM7 -> 0.33638651 | BN15: =BN14/BN7 -> 0.31311928 | BO15: =BO14/BO7 -> 0.2678345 | BP15: =BP14/BP7 -> 0.25818164 | ... BV15: =BV14/BV7 -> 0.22518065
B16: Sales & Marketing Exp. | C16: 31554 | D16: 37388 | E16: 41970 | F16: 51602 | G16: 55774 | H16: 65148 | I16: 66722 | J16: 72285 | K16: 72444 | L16: 296919 | M16: =M104+M130 -> 122873.29 | N16: =N104+N130 -> 137690.19 | O16: =O104+O130 -> 126280.49 | P16: =P104+P130 -> 155991.09 | Q16: =Q104+Q130 -> 181450.56 | R16: =R104+R130 -> 195710.69 | S16: =S104+S130 -> 181212.14 | T16: =T104+T130 -> 220329.54 | ... BF16: =BF104+BF130 -> 973917.69 | BG16: x | BH16: Sales & Marketing Exp. | BI16: =SUMIF($C$4:$BF$4,BI$5,$C16:$BF16) -> 162514 | BJ16: =SUMIF($C$4:$BF$4,BJ$5,$C16:$BF16) -> 259929 | BK16: =SUMIF($C$4:$BF$4,BK$5,$C16:$BF16) -> 629926.48 | BL16: =SUMIF($C$4:$BF$4,BL$5,$C16:$BF16) -> 659432.83 | BM16: =SUMIF($C$4:$BF$4,BM$5,$C16:$BF16) -> 913795.27 | BN16: =SUMIF($C$4:$BF$4,BN$5,$C16:$BF16) -> 1199356 | BO16: =SUMIF($C$4:$BF$4,BO$5,$C16:$BF16) -> 1490346.9 | BP16: =SUMIF($C$4:$BF$4,BP$5,$C16:$BF16) -> 1833580.5 | ... BV16: =SUMIF($C$4:$BF$4,BV$5,$C16:$BF16) -> 3919132.4
B17: S&M Exp. Ratio (%) | C17: =C16/C7 -> 0.38282075 | D17: =D16/D7 -> 0.36970967 | E17: =E16/E7 -> 0.361957 | F17: =F16/F7 -> 0.29768209 | G17: =G16/G7 -> 0.42459215 | H17: =H16/H7 -> 0.40416398 | I17: =I16/I7 -> 0.35080469 | J17: =J16/J7 -> 0.26460188 | ... BF17: =BF16/BF7 -> 0.22011 | BG17: x | BH17: S&M Exp. Ratio (%) | BI17: =BI16/BI7 -> 0.34368893 | BJ17: =BJ16/BJ7 -> 0.34385236 | BK17: =BK16/BK7 -> 0.51941133 | BL17: =BL16/BL7 -> 0.35436612 | BM17: =BM16/BM7 -> 0.33327751 | BN17: =BN16/BN7 -> 0.31476908 | BO17: =BO16/BO7 -> 0.29493247 | BP17: =BP16/BP7 -> 0.28519363 | ... BV17: =BV16/BV7 -> 0.25569391
B18: General & Administrative Exp. | C18: 14260 | D18: 14642 | E18: 15653 | F18: 17080 | G18: 18867 | H18: 17834 | I18: 18716 | J18: 22061 | K18: 24205 | L18: 224179 | M18: =M106+M131 -> 41676.742 | N18: =N106+N131 -> 47741.6 | O18: =O106+O131 -> 45983.244 | P18: =P106+P131 -> 51143.699 | Q18: =Q106+Q131 -> 58421.47 | R18: =R106+R131 -> 65156.448 | S18: =S106+S131 -> 64646.448 | T18: =T106+T131 -> 70973.149 | ... BF18: =BF106+BF131 -> 310037.77 | BG18: x | BH18: General & Administrative Exp. | BI18: =SUMIF($C$4:$BF$4,BI$5,$C18:$BF18) -> 61635 | BJ18: =SUMIF($C$4:$BF$4,BJ$5,$C18:$BF18) -> 77478 | BK18: =SUMIF($C$4:$BF$4,BK$5,$C18:$BF18) -> 337802.34 | BL18: =SUMIF($C$4:$BF$4,BL$5,$C18:$BF18) -> 220704.86 | BM18: =SUMIF($C$4:$BF$4,BM$5,$C18:$BF18) -> 302592.53 | BN18: =SUMIF($C$4:$BF$4,BN$5,$C18:$BF18) -> 398946.13 | BO18: =SUMIF($C$4:$BF$4,BO$5,$C18:$BF18) -> 470117.22 | BP18: =SUMIF($C$4:$BF$4,BP$5,$C18:$BF18) -> 585876.56 | ... BV18: =SUMIF($C$4:$BF$4,BV$5,$C18:$BF18) -> 1215370
B19: G&A Exp. Ratio | C19: =C18/C7 -> 0.17300576 | D19: =D18/D7 -> 0.1447868 | E19: =E18/E7 -> 0.13499435 | F19: =F18/F7 -> 0.098531261 | G19: =G18/G7 -> 0.14362929 | H19: =H18/H7 -> 0.11063825 | I19: =I18/I7 -> 0.098403235 | J19: =J18/J7 -> 0.080755095 | ... BF19: =BF18/BF7 -> 0.07007 | BG19: x | BH19: G&A Exp. Ratio | BI19: =BI18/BI7 -> 0.13034734 | BJ19: =BJ18/BJ7 -> 0.10249335 | BK19: =BK18/BK7 -> 0.27853784 | BL19: =BL18/BL7 -> 0.11860241 | BM19: =BM18/BM7 -> 0.11036092 | BN19: =BN18/BN7 -> 0.10470278 | BO19: =BO18/BO7 -> 0.093033935 | BP19: =BP18/BP7 -> 0.09112677 | ... BV19: =BV18/BV7 -> 0.079293751
B20: Operating P&L | C20: -63000 | D20: -38388 | E20: -38057 | F20: 1511 | G20: -54982 | H20: -41368 | I20: -22431 | J20: 44060 | K20: -44826 | L20: -1167143 | M20: =M11-M14-M16-M18 -> -103944.93 | N20: =N11-N14-N16-N18 -> -8520.3018 | O20: =O11-O14-O16-O18 -> -102054.56 | P20: =P11-P14-P16-P18 -> -110004.81 | Q20: =Q11-Q14-Q16-Q18 -> -119673.19 | R20: =R11-R14-R16-R18 -> 18548.647 | S20: =S11-S14-S16-S18 -> -103481.73 | T20: =T11-T14-T16-T18 -> -108374.01 | ... BF20: =BF11-BF14-BF16-BF18 -> 1497428.9 | BG20: x | BH20: Operating P&L | BI20: =SUMIF($C$4:$BF$4,BI$5,$C20:$BF20) -> -137934 | BJ20: =SUMIF($C$4:$BF$4,BJ$5,$C20:$BF20) -> -74721 | BK20: =SUMIF($C$4:$BF$4,BK$5,$C20:$BF20) -> -1324434.2 | BL20: =SUMIF($C$4:$BF$4,BL$5,$C20:$BF20) -> -313183.92 | BM20: =SUMIF($C$4:$BF$4,BM$5,$C20:$BF20) -> -246572.84 | BN20: =SUMIF($C$4:$BF$4,BN$5,$C20:$BF20) -> -125270.13 | BO20: =SUMIF($C$4:$BF$4,BO$5,$C20:$BF20) -> 276049.88 | BP20: =SUMIF($C$4:$BF$4,BP$5,$C20:$BF20) -> 549030.32 | ... BV20: =SUMIF($C$4:$BF$4,BV$5,$C20:$BF20) -> 2585730.1
B21: Operating Margin (%) | C21: =C20/C7 -> -0.76433121 | D21: =D20/D7 -> -0.37959813 | E21: =E20/E7 -> -0.32821057 | F21: =F20/F7 -> 0.0087166707 | G21: =G20/G7 -> -0.41856287 | H21: =H20/H7 -> -0.25663805 | I21: =I20/I7 -> -0.11793561 | J21: =J20/J7 -> 0.16128324 | ... BF21: =BF20/BF7 -> 0.338426 | BG21: x | BH21: Operating Margin (%) | BI21: =BI20/BI7 -> -0.2917065 | BJ21: =BJ20/BJ7 -> -0.098846193 | BK21: =BK20/BK7 -> -1.0920737 | BL21: =BL20/BL7 -> -0.16829882 | BM21: =BM20/BM7 -> -0.089929533 | BN21: =BN20/BN7 -> -0.032876947 | BO21: =BO20/BO7 -> 0.054628943 | BP21: =BP20/BP7 -> 0.085395736 | ... BV21: =BV20/BV7 -> 0.16869944
B22: + D&A Exp. | C22: 4159 | D22: 4138 | E22: 3920 | F22: 3918 | G22: 4787 | H22: 5511 | I22: 5117 | J22: 5444 | K22: 5696 | L22: 6507 | M22: =M7*M93 -> 8079.75 | N22: =N7*N93 -> 10660.5 | O22: =O7*O93 -> 8323 | P22: =P7*P93 -> 10444.125 | Q22: =Q7*Q93 -> 12261.75 | R22: =R7*R93 -> 15493.125 | S22: =S7*S93 -> 12793 | T22: =T7*T93 -> 15710.75 | ... BF22: =BF7*BF93 -> 110617.16 | BG22: x | BH22: + D&A Exp. | BI22: =SUMIF($C$4:$BF$4,BI$5,$C22:$BF22) -> 16135 | BJ22: =SUMIF($C$4:$BF$4,BJ$5,$C22:$BF22) -> 20859 | BK22: =SUMIF($C$4:$BF$4,BK$5,$C22:$BF22) -> 30943.25 | BL22: =SUMIF($C$4:$BF$4,BL$5,$C22:$BF22) -> 46522 | BM22: =SUMIF($C$4:$BF$4,BM$5,$C22:$BF22) -> 68546.125 | BN22: =SUMIF($C$4:$BF$4,BN$5,$C22:$BF22) -> 95256.812 | BO22: =SUMIF($C$4:$BF$4,BO$5,$C22:$BF22) -> 126329.5 | BP22: =SUMIF($C$4:$BF$4,BP$5,$C22:$BF22) -> 160731.19 | ... BV22: =SUMIF($C$4:$BF$4,BV$5,$C22:$BF22) -> 383185.94
B23: = EBITDA | C23: =C20+C22 -> -58841 | D23: =D20+D22 -> -34250 | E23: =E20+E22 -> -34137 | F23: =F20+F22 -> 5429 | G23: =G20+G22 -> -50195 | H23: =H20+H22 -> -35857 | I23: =I20+I22 -> -17314 | J23: =J20+J22 -> 49504 | ... BF23: =BF20+BF22 -> 1608046 | BG23: x | BH23: = EBITDA | BI23: =SUMIF($C$4:$BF$4,BI$5,$C23:$BF23) -> -121799 | BJ23: =SUMIF($C$4:$BF$4,BJ$5,$C23:$BF23) -> -53862 | BK23: =SUMIF($C$4:$BF$4,BK$5,$C23:$BF23) -> -1293491 | BL23: =SUMIF($C$4:$BF$4,BL$5,$C23:$BF23) -> -266661.92 | BM23: =SUMIF($C$4:$BF$4,BM$5,$C23:$BF23) -> -178026.72 | BN23: =SUMIF($C$4:$BF$4,BN$5,$C23:$BF23) -> -30013.313 | BO23: =SUMIF($C$4:$BF$4,BO$5,$C23:$BF23) -> 402379.38 | BP23: =SUMIF($C$4:$BF$4,BP$5,$C23:$BF23) -> 709761.51 | ... BV23: =SUMIF($C$4:$BF$4,BV$5,$C23:$BF23) -> 2968916
B24: EBITDA Margin (%) | C24: =C23/C7 -> -0.71387322 | D24: =D23/D7 -> -0.33867969 | E24: =E23/E7 -> -0.29440377 | F24: =F23/F7 -> 0.031318865 | G24: =G23/G7 -> -0.38212075 | H24: =H23/H7 -> -0.222449 | I24: =I23/I7 -> -0.09103193 | J24: =J23/J7 -> 0.1812112 | ... BF24: =BF23/BF7 -> 0.363426 | BG24: x | BH24: EBITDA Margin (%) | BI24: =BI23/BI7 -> -0.25758377 | BJ24: =BJ23/BJ7 -> -0.071252441 | BK24: =BK23/BK7 -> -1.0665592 | BL24: =BL23/BL7 -> -0.14329882 | BM24: =BM23/BM7 -> -0.064929533 | BN24: =BN23/BN7 -> -0.0078769467 | BO24: =BO23/BO7 -> 0.079628943 | BP24: =BP23/BP7 -> 0.11039574 | ... BV24: =BV23/BV7 -> 0.19369944
B25: + SBC | C25: 7575 | D25: 7294 | E25: 7273 | F25: 6662 | G25: 4834 | H25: 3959 | I25: 3888 | J25: 2178 | K25: 694 | L25: 1134599 | M25: =M132 -> 55489.056 | N25: =N132 -> 55447.823 | O25: =O132 -> 55469.068 | P25: =P132 -> 55724.601 | Q25: =Q132 -> 55946.424 | R25: =R132 -> 55849.339 | S25: =S132 -> 55926.568 | T25: =T132 -> 56257.05 | ... BF25: =BF132 -> 7141.4436 | BG25: x | BH25: + SBC | BI25: =SUMIF($C$4:$BF$4,BI$5,$C25:$BF25) -> 28804 | BJ25: =SUMIF($C$4:$BF$4,BJ$5,$C25:$BF25) -> 14859 | BK25: =SUMIF($C$4:$BF$4,BK$5,$C25:$BF25) -> 1246229.9 | BL25: =SUMIF($C$4:$BF$4,BL$5,$C25:$BF25) -> 222989.43 | BM25: =SUMIF($C$4:$BF$4,BM$5,$C25:$BF25) -> 225064.17 | BN25: =SUMIF($C$4:$BF$4,BN$5,$C25:$BF25) -> 227564.12 | BO25: =SUMIF($C$4:$BF$4,BO$5,$C25:$BF25) -> 12514.846 | BP25: =SUMIF($C$4:$BF$4,BP$5,$C25:$BF25) -> 15362.38 | ... BV25: =SUMIF($C$4:$BF$4,BV$5,$C25:$BF25) -> 32075.535
B26: = Adjusted EBITDA | C26: -51266 | D26: -26956 | E26: -26864 | F26: 12091 | G26: -45361 | H26: -31898 | I26: -13426 | J26: 51682 | K26: -38436 | L26: -26037 | M26: =M25+M20+M22 -> -40376.127 | N26: =N25+N20+N22 -> 57588.021 | O26: =O25+O20+O22 -> -38262.496 | P26: =P25+P20+P22 -> -43836.081 | Q26: =Q25+Q20+Q22 -> -51465.017 | R26: =R25+R20+R22 -> 89891.111 | S26: =S25+S20+S22 -> -34762.163 | T26: =T25+T20+T22 -> -36406.207 | ... BF26: =BF25+BF20+BF22 -> 1615187.5 | BG26: x | BH26: = Adjusted EBITDA | BI26: =SUMIF($C$4:$BF$4,BI$5,$C26:$BF26) -> -92995 | BJ26: =SUMIF($C$4:$BF$4,BJ$5,$C26:$BF26) -> -39003 | BK26: =SUMIF($C$4:$BF$4,BK$5,$C26:$BF26) -> -47261.106 | BL26: =SUMIF($C$4:$BF$4,BL$5,$C26:$BF26) -> -43672.483 | BM26: =SUMIF($C$4:$BF$4,BM$5,$C26:$BF26) -> 47037.451 | BN26: =SUMIF($C$4:$BF$4,BN$5,$C26:$BF26) -> 197550.81 | BO26: =SUMIF($C$4:$BF$4,BO$5,$C26:$BF26) -> 414894.23 | BP26: =SUMIF($C$4:$BF$4,BP$5,$C26:$BF26) -> 725123.89 | ... BV26: =SUMIF($C$4:$BF$4,BV$5,$C26:$BF26) -> 3000991.6
B27: Adjusted EBITDA Margin (%) | C27: =C26/C7 -> -0.62197149 | D27: =D26/D7 -> -0.26655328 | E27: =E26/E7 -> -0.23168008 | F27: =F26/F7 -> 0.069750672 | G27: =G26/G7 -> -0.34532084 | H27: =H26/H7 -> -0.19788823 | I27: =I26/I7 -> -0.070589967 | J27: =J26/J7 -> 0.18918385 | ... BF27: =BF26/BF7 -> 0.36504 | BG27: x | BH27: Adjusted EBITDA Margin (%) | BI27: =BI26/BI7 -> -0.1966683 | BJ27: =BJ26/BJ7 -> -0.051595911 | BK27: =BK26/BK7 -> -0.038969554 | BL27: =BL26/BL7 -> -0.023468726 | BM27: =BM26/BM7 -> 0.017155401 | BN27: =BN26/BN7 -> 0.051846897 | BO27: =BO26/BO7 -> 0.082105571 | BP27: =BP26/BP7 -> 0.11278519 | ... BV27: =BV26/BV7 -> 0.19579213
B28: QoQ Percentage Point Change | D28: =D27-C27 -> 0.35541821 | E28: =E27-D27 -> 0.034873202 | F28: =F27-E27 -> 0.30143075 | G28: =G27-F27 -> -0.41507151 | H28: =H27-G27 -> 0.14743261 | I28: =I27-H27 -> 0.12729827 | J28: =J27-I27 -> 0.25977381 | K28: =K27-J27 -> -0.37954495 | ... BF28: =BF27-BE27 -> 0.23498 | BG28: x | BH28: QoQ Percentage Point Change
B29: YoY Percentage Point Change | G29: =G27-C27 -> 0.27665065 | H29: =H27-D27 -> 0.068665046 | I29: =I27-E27 -> 0.16109011 | J29: =J27-F27 -> 0.11943317 | K29: =K27-G27 -> 0.15495974 | L29: =L27-H27 -> 0.098224693 | M29: =M27-I27 -> -0.054340033 | N29: =N27-J27 -> -0.054133847 | ... BF29: =BF27-BB27 -> 0.012 | BG29: x | BH29: YoY Percentage Point Change | BJ29: =BJ27-BI27 -> 0.14507239 | BK29: =BK27-BJ27 -> 0.012626357 | BL29: =BL27-BK27 -> 0.015500828 | BM29: =BM27-BL27 -> 0.040624127 | BN29: =BN27-BM27 -> 0.034691496 | BO29: =BO27-BN27 -> 0.030258674 | BP29: =BP27-BO27 -> 0.030679617 | BQ29: =BQ27-BP27 -> 0.024625828 | ... BV29: =BV27-BU27 -> 0.0120382
B30: Int. Income | C30: 1685 | D30: 1824 | E30: 2338 | F30: 2466 | G30: 2638 | H30: 3187 | I30: 3547 | J30: 3780 | K30: 4059 | L30: 8127 | M30: =M98 -> 8000 | N30: =N98 -> 8000 | O30: =O98 -> 8000 | P30: =P98 -> 8000 | Q30: =Q98 -> 8000 | R30: =R98 -> 8000 | S30: =S98 -> 8000 | T30: =T98 -> 8000 | ... BF30: =BF98 -> 8000 | BG30: x | BH30: Int. Income | BI30: =SUMIF($C$4:$BF$4,BI$5,$C30:$BF30) -> 8313 | BJ30: =SUMIF($C$4:$BF$4,BJ$5,$C30:$BF30) -> 13152 | BK30: =SUMIF($C$4:$BF$4,BK$5,$C30:$BF30) -> 28186 | BL30: =SUMIF($C$4:$BF$4,BL$5,$C30:$BF30) -> 32000 | BM30: =SUMIF($C$4:$BF$4,BM$5,$C30:$BF30) -> 32000 | BN30: =SUMIF($C$4:$BF$4,BN$5,$C30:$BF30) -> 32000 | BO30: =SUMIF($C$4:$BF$4,BO$5,$C30:$BF30) -> 32000 | BP30: =SUMIF($C$4:$BF$4,BP$5,$C30:$BF30) -> 32000 | ... BV30: =SUMIF($C$4:$BF$4,BV$5,$C30:$BF30) -> 32000
B31: Int. Exp. & Other Income / Exp., net | C31: 168 | D31: 39 | E31: 94 | F31: -413 | G31: -242 | H31: -214 | I31: 82 | J31: -621 | K31: -500 | L31: -448 | M31: =M99 -> -500 | N31: =N99 -> -500 | O31: =O99 -> -500 | P31: =P99 -> -500 | Q31: =Q99 -> -500 | R31: =R99 -> -500 | S31: =S99 -> -500 | T31: =T99 -> -500 | ... BF31: =BF99 -> -500 | BG31: x | BH31: Int. Exp. & Other Income / Exp., net | BI31: =SUMIF($C$4:$BF$4,BI$5,$C31:$BF31) -> -112 | BJ31: =SUMIF($C$4:$BF$4,BJ$5,$C31:$BF31) -> -995 | BK31: =SUMIF($C$4:$BF$4,BK$5,$C31:$BF31) -> -1948 | BL31: =SUMIF($C$4:$BF$4,BL$5,$C31:$BF31) -> -2000 | BM31: =SUMIF($C$4:$BF$4,BM$5,$C31:$BF31) -> -2000 | BN31: =SUMIF($C$4:$BF$4,BN$5,$C31:$BF31) -> -2000 | BO31: =SUMIF($C$4:$BF$4,BO$5,$C31:$BF31) -> -2000 | BP31: =SUMIF($C$4:$BF$4,BP$5,$C31:$BF31) -> -2000 | ... BV31: =SUMIF($C$4:$BF$4,BV$5,$C31:$BF31) -> -2000
B32: Income / Loss before Income Taxes | C32: -61147 | D32: -36525 | E32: -35625 | F32: 3564 | G32: -52586 | H32: -38395 | I32: -18802 | J32: 47219 | K32: -41267 | L32: -1159464 | M32: =M20+M30+M31 -> -96444.933 | N32: =N20+N30+N31 -> -1020.3018 | O32: =O26+O30+O31 -> -30762.496 | P32: =P26+P30+P31 -> -36336.081 | Q32: =Q26+Q30+Q31 -> -43965.017 | R32: =R26+R30+R31 -> 97391.111 | S32: =S26+S30+S31 -> -27262.163 | T32: =T26+T30+T31 -> -28906.207 | U32: =U26+U30+U31 -> -34354.422 | V32: =V26+V30+V31 -> 167560.24 | ... BF32: =BF26+BF30+BF31 -> 1622687.5 | BG32: x | BH32: Income / Loss before Income Taxes | BI32: =SUMIF($C$4:$BF$4,BI$5,$C32:$BF32) -> -129733 | BJ32: =SUMIF($C$4:$BF$4,BJ$5,$C32:$BF32) -> -62564 | BK32: =SUMIF($C$4:$BF$4,BK$5,$C32:$BF32) -> -1298196.2 | BL32: =SUMIF($C$4:$BF$4,BL$5,$C32:$BF32) -> -13672.483 | BM32: =SUMIF($C$4:$BF$4,BM$5,$C32:$BF32) -> 77037.451 | BN32: =SUMIF($C$4:$BF$4,BN$5,$C32:$BF32) -> 227550.81 | BO32: =SUMIF($C$4:$BF$4,BO$5,$C32:$BF32) -> 444894.23 | BP32: =SUMIF($C$4:$BF$4,BP$5,$C32:$BF32) -> 755123.89 | ... BV32: =SUMIF($C$4:$BF$4,BV$5,$C32:$BF32) -> 3030991.6
B33: Income Taxes | C33: 53 | D33: 78 | E33: 20 | F33: 160 | G33: 123 | H33: 12 | I33: 72 | J33: 203 | K33: 153 | L33: 37 | M33: =M68-M69 -> 0 | N33: =N68-N69 -> 0 | O33: =O68-O69 -> 0 | P33: =P68-P69 -> 0 | Q33: =Q68-Q69 -> 0 | R33: =R68-R69 -> 4637.1618 | S33: =S68-S69 -> 0 | T33: =T68-T69 -> 0 | ... BF33: =BF68-BF69 -> 374357.22 | BG33: x | BH33: Income Taxes | BI33: =SUMIF($C$4:$BF$4,BI$5,$C33:$BF33) -> 311 | BJ33: =SUMIF($C$4:$BF$4,BJ$5,$C33:$BF33) -> 410 | BK33: =SUMIF($C$4:$BF$4,BK$5,$C33:$BF33) -> 190 | BL33: =SUMIF($C$4:$BF$4,BL$5,$C33:$BF33) -> 4637.1618 | BM33: =SUMIF($C$4:$BF$4,BM$5,$C33:$BF33) -> 20431.668 | BN33: =SUMIF($C$4:$BF$4,BN$5,$C33:$BF33) -> 43319.726 | BO33: =SUMIF($C$4:$BF$4,BO$5,$C33:$BF33) -> 86134.403 | BP33: =SUMIF($C$4:$BF$4,BP$5,$C33:$BF33) -> 137257.58 | ... BV33: =SUMIF($C$4:$BF$4,BV$5,$C33:$BF33) -> 646432.53
B34: Net Income / Loss | C34: -61200 | D34: -36603 | E34: -35645 | F34: 3404 | G34: -52709 | H34: -38407 | I34: -18874 | J34: 47016 | K34: -41420 | L34: -1159501 | M34: =M32-M33 -> -96444.933 | N34: =N32-N33 -> -1020.3018 | O34: =O32-O33 -> -30762.496 | P34: =P32-P33 -> -36336.081 | Q34: =Q32-Q33 -> -43965.017 | R34: =R32-R33 -> 92753.949 | S34: =S32-S33 -> -27262.163 | T34: =T32-T33 -> -28906.207 | ... BF34: =BF32-BF33 -> 1248330.3 | BG34: x | BH34: Net Income / Loss | BI34: =SUMIF($C$4:$BF$4,BI$5,$C34:$BF34) -> -130044 | BJ34: =SUMIF($C$4:$BF$4,BJ$5,$C34:$BF34) -> -62974 | BK34: =SUMIF($C$4:$BF$4,BK$5,$C34:$BF34) -> -1298386.2 | BL34: =SUMIF($C$4:$BF$4,BL$5,$C34:$BF34) -> -18309.645 | BM34: =SUMIF($C$4:$BF$4,BM$5,$C34:$BF34) -> 56605.783 | BN34: =SUMIF($C$4:$BF$4,BN$5,$C34:$BF34) -> 184231.08 | BO34: =SUMIF($C$4:$BF$4,BO$5,$C34:$BF34) -> 358759.83 | BP34: =SUMIF($C$4:$BF$4,BP$5,$C34:$BF34) -> 617866.31 | ... BV34: =SUMIF($C$4:$BF$4,BV$5,$C34:$BF34) -> 2384559.1
BG35: x
B36: < Metrics > | BG36: x | BH36: < Metrics >
B37: User Base | C37: =IF(MONTH(C5)=12,C4,0) -> 0 | D37: =IF(MONTH(D5)=12,D4,0) -> 0 | E37: =IF(MONTH(E5)=12,E4,0) -> 0 | F37: =IF(MONTH(F5)=12,F4,0) -> 2017 | G37: =IF(MONTH(G5)=12,G4,0) -> 0 | H37: =IF(MONTH(H5)=12,H4,0) -> 0 | I37: =IF(MONTH(I5)=12,I4,0) -> 0 | J37: =IF(MONTH(J5)=12,J4,0) -> 2018 | ... BF37: =IF(MONTH(BF5)=12,BF4,0) -> 2030 | BG37: x | BH37: User Base
B38: US MAU (M) | C38: 71 | D38: 71 | E38: 74 | F38: 76 | G38: 80 | H38: 75 | I38: 80 | J38: 82 | K38: 85 | L38: 85 | M38: =L38+M39 -> 85.5 | N38: =M38+N39 -> 86 | O38: =N38+O39 -> 86.5 | P38: =O38+P39 -> 86.5 | Q38: =P38+Q39 -> 87 | R38: =Q38+R39 -> 87.5 | S38: =R38+S39 -> 88 | T38: =S38+T39 -> 88 | ... BF38: =BE38+BF39 -> 102.5 | BG38: x | BH38: US MAU (M) | BI38: =SUMIF($C$37:$BF$37,BI$5,$C38:$BF38) -> 76 | BJ38: =SUMIF($C$37:$BF$37,BJ$5,$C38:$BF38) -> 82 | BK38: =SUMIF($C$37:$BF$37,BK$5,$C38:$BF38) -> 86 | BL38: =SUMIF($C$37:$BF$37,BL$5,$C38:$BF38) -> 87.5 | BM38: =SUMIF($C$37:$BF$37,BM$5,$C38:$BF38) -> 89 | BN38: =SUMIF($C$37:$BF$37,BN$5,$C38:$BF38) -> 90.5 | BO38: =SUMIF($C$37:$BF$37,BO$5,$C38:$BF38) -> 92 | BP38: =SUMIF($C$37:$BF$37,BP$5,$C38:$BF38) -> 93.5 | ... BV38: =SUMIF($C$37:$BF$37,BV$5,$C38:$BF38) -> 102.5
B39: Net Addition | C39: 1 | D39: 0 | E39: 3 | F39: 2 | G39: 4 | H39: -5 | I39: 5 | J39: 2 | K39: 3 | L39: 0 | M39: 0.5 | N39: 0.5 | O39: 0.5 | P39: 0 | Q39: 0.5 | R39: 0.5 | S39: 0.5 | T39: 0 | U39: 0.5 | V39: 0.5 | W39: 0.5 | X39: 0 | Y39: 0.5 | Z39: 0.5 | AA39: 0.5 | AB39: 0 | AC39: 0.5 | AD39: 0.5 | AE39: 0.5 | AF39: 0 | AG39: 0.5 | AH39: 0.5 | AI39: 0.5 | AJ39: 0 | AK39: 0.5 | AL39: 0.5 | AM39: 0.5 | AN39: 0 | AO39: 0.5 | AP39: 0.5 | AQ39: 0.5 | AR39: 0 | AS39: 0.5 | AT39: 0.5 | AU39: 0.5 | AV39: 0 | AW39: 0.5 | AX39: 0.5 | AY39: 0.5 | AZ39: 0 | BA39: 0.5 | BB39: 0.5 | BC39: 0.5 | BD39: 0 | BE39: 0.5 | BF39: 0.5 | BG39: x | BH39: Net Addition | BI39: =SUMIF($C$4:$BF$4,BI$5,$C39:$BF39) -> 6 | BJ39: =SUMIF($C$4:$BF$4,BJ$5,$C39:$BF39) -> 6 | BK39: =SUMIF($C$4:$BF$4,BK$5,$C39:$BF39) -> 4 | BL39: =SUMIF($C$4:$BF$4,BL$5,$C39:$BF39) -> 1.5 | BM39: =SUMIF($C$4:$BF$4,BM$5,$C39:$BF39) -> 1.5 | BN39: =SUMIF($C$4:$BF$4,BN$5,$C39:$BF39) -> 1.5 | BO39: =SUMIF($C$4:$BF$4,BO$5,$C39:$BF39) -> 1.5 | BP39: =SUMIF($C$4:$BF$4,BP$5,$C39:$BF39) -> 1.5 | ... BV39: =SUMIF($C$4:$BF$4,BV$5,$C39:$BF39) -> 1.5
B40: Int'l MAU (M) | C40: 104 | D40: 114 | E40: 129 | F40: 139 | G40: 160 | H40: 156 | I40: 171 | J40: 184 | K40: 206 | L40: 215 | M40: =L40+M41 -> 228 | N40: =M40+N41 -> 241 | O40: =N40+O41 -> 259 | P40: =O40+P41 -> 269 | Q40: =P40+Q41 -> 282 | R40: =Q40+R41 -> 295 | S40: =R40+S41 -> 311 | T40: =S40+T41 -> 319 | ... BF40: =BE40+BF41 -> 537.75 | BG40: x | BH40: Int'l MAU (M) | BI40: =SUMIF($C$37:$BF$37,BI$5,$C40:$BF40) -> 139 | BJ40: =SUMIF($C$37:$BF$37,BJ$5,$C40:$BF40) -> 184 | BK40: =SUMIF($C$37:$BF$37,BK$5,$C40:$BF40) -> 241 | BL40: =SUMIF($C$37:$BF$37,BL$5,$C40:$BF40) -> 295 | BM40: =SUMIF($C$37:$BF$37,BM$5,$C40:$BF40) -> 341 | BN40: =SUMIF($C$37:$BF$37,BN$5,$C40:$BF40) -> 378 | BO40: =SUMIF($C$37:$BF$37,BO$5,$C40:$BF40) -> 407.5 | BP40: =SUMIF($C$37:$BF$37,BP$5,$C40:$BF40) -> 430.5 | ... BV40: =SUMIF($C$37:$BF$37,BV$5,$C40:$BF40) -> 537.75
B41: Net Addition | C41: 14 | D41: 10 | E41: 15 | F41: 10 | G41: 21 | H41: -4 | I41: 15 | J41: 13 | K41: 22 | L41: 9 | M41: 13 | N41: 13 | O41: 18 | P41: 10 | Q41: 13 | R41: 13 | S41: =O41-2 -> 16 | T41: =P41-2 -> 8 | U41: =Q41-2 -> 11 | V41: =R41-2 -> 11 | W41: =S41-3 -> 13 | X41: =T41-2 -> 6 | Y41: =U41-2 -> 9 | Z41: =V41-2 -> 9 | AA41: =W41-3 -> 10 | AB41: =X41-1.5 -> 4.5 | AC41: =Y41-1.5 -> 7.5 | AD41: =Z41-1.5 -> 7.5 | AE41: =AA41-2 -> 8 | AF41: =AB41-1.5 -> 3 | AG41: =AC41-1.5 -> 6 | AH41: =AD41-1.5 -> 6 | AI41: =AE41-1 -> 7 | AJ41: =AF41-0.5 -> 2.5 | AK41: =AG41-0.5 -> 5.5 | AL41: =AH41-0.5 -> 5.5 | AM41: 6 | AN41: 2.25 | AO41: 5.25 | AP41: 5.25 | AQ41: 5 | AR41: 2 | AS41: 5 | AT41: 5 | AU41: 5 | AV41: 2 | AW41: 5 | AX41: 5 | AY41: 5 | AZ41: 2 | BA41: 5 | BB41: 5 | BC41: 5 | BD41: 2 | BE41: 5 | BF41: 5 | BG41: x | BH41: Net Addition | BI41: =SUMIF($C$4:$BF$4,BI$5,$C41:$BF41) -> 49 | BJ41: =SUMIF($C$4:$BF$4,BJ$5,$C41:$BF41) -> 45 | BK41: =SUMIF($C$4:$BF$4,BK$5,$C41:$BF41) -> 57 | BL41: =SUMIF($C$4:$BF$4,BL$5,$C41:$BF41) -> 54 | BM41: =SUMIF($C$4:$BF$4,BM$5,$C41:$BF41) -> 46 | BN41: =SUMIF($C$4:$BF$4,BN$5,$C41:$BF41) -> 37 | BO41: =SUMIF($C$4:$BF$4,BO$5,$C41:$BF41) -> 29.5 | BP41: =SUMIF($C$4:$BF$4,BP$5,$C41:$BF41) -> 23 | ... BV41: =SUMIF($C$4:$BF$4,BV$5,$C41:$BF41) -> 17
B42: Global MAU (M) | C42: 175 | D42: 185 | E42: 203 | F42: 215 | G42: 240 | H42: 231 | I42: 251 | J42: 266 | K42: 291 | L42: 300 | M42: =M38+M40 -> 313.5 | N42: =N38+N40 -> 327 | O42: =O38+O40 -> 345.5 | P42: =P38+P40 -> 355.5 | Q42: =Q38+Q40 -> 369 | R42: =R38+R40 -> 382.5 | S42: =S38+S40 -> 399 | T42: =T38+T40 -> 407 | ... BF42: =BF38+BF40 -> 640.25 | BG42: x | BH42: Global MAU (M) | BI42: =SUMIF($C$37:$BF$37,BI$5,$C42:$BF42) -> 215 | BJ42: =SUMIF($C$37:$BF$37,BJ$5,$C42:$BF42) -> 266 | BK42: =SUMIF($C$37:$BF$37,BK$5,$C42:$BF42) -> 327 | BL42: =SUMIF($C$37:$BF$37,BL$5,$C42:$BF42) -> 382.5 | BM42: =SUMIF($C$37:$BF$37,BM$5,$C42:$BF42) -> 430 | BN42: =SUMIF($C$37:$BF$37,BN$5,$C42:$BF42) -> 468.5 | BO42: =SUMIF($C$37:$BF$37,BO$5,$C42:$BF42) -> 499.5 | BP42: =SUMIF($C$37:$BF$37,BP$5,$C42:$BF42) -> 524 | ... BV42: =SUMIF($C$37:$BF$37,BV$5,$C42:$BF42) -> 640.25
B43: QoQ (%) | D43: =D42/C42-1 -> 0.057142857 | E43: =E42/D42-1 -> 0.097297297 | F43: =F42/E42-1 -> 0.0591133 | G43: =G42/F42-1 -> 0.11627907 | H43: =H42/G42-1 -> -0.0375 | I43: =I42/H42-1 -> 0.086580087 | J43: =J42/I42-1 -> 0.059760956 | K43: =K42/J42-1 -> 0.093984962 | ... BF43: =BF42/BE42-1 -> 0.0086648287 | BG43: x | BH43: QoQ (%)
B44: YoY (%) | G44: =G42/C42-1 -> 0.37142857 | H44: =H42/D42-1 -> 0.24864865 | I44: =I42/E42-1 -> 0.2364532 | J44: =J42/F42-1 -> 0.2372093 | K44: =K42/G42-1 -> 0.2125 | L44: =L42/H42-1 -> 0.2987013 | M44: =M42/I42-1 -> 0.24900398 | N44: =N42/J42-1 -> 0.22932331 | ... BF44: =BF42/BB42-1 -> 0.029754725 | BG44: x | BH44: YoY (%) | BJ44: =BJ42/BI42-1 -> 0.2372093 | BK44: =BK42/BJ42-1 -> 0.22932331 | BL44: =BL42/BK42-1 -> 0.16972477 | BM44: =BM42/BL42-1 -> 0.12418301 | BN44: =BN42/BM42-1 -> 0.089534884 | BO44: =BO42/BN42-1 -> 0.066168623 | BP44: =BP42/BO42-1 -> 0.049049049 | BQ44: =BQ42/BP42-1 -> 0.041984733 | ... BV44: =BV42/BU42-1 -> 0.029754725
B45: Monetization | BG45: x | BH45: Monetization - Annual
B46: US ARPU ($) | C46: 1.13 | D46: 1.36 | E46: 1.52 | F46: 2.17 | G46: 1.59 | H46: 1.98 | I46: 2.33 | J46: 3.16 | K46: 2.25 | L46: 2.8 | M46: =I46+M48 -> 3.34 | N46: =J46+N48 -> 4.35 | O46: =K46+O48 -> 3.01 | P46: =L46+P48 -> 3.72 | Q46: =M46+Q48 -> 4.45 | R46: =N46+R48 -> 5.64 | S46: =O46+S48 -> 3.82 | T46: =P46+T48 -> 4.69 | ... BF46: =BB46+BF48 -> 15.715 | BG46: x | BH46: US ARPU ($) | BI46: =BI80/BI38/1000 -> 5.9761842 | BJ46: =BJ80/BJ38/1000 -> 8.7953659 | BK46: =BK80/BK38/1000 -> 12.66186 | BL46: =BL80/BL38/1000 -> 16.717657 | BM46: =BM80/BM38/1000 -> 20.972865 | BN46: =BN80/BN38/1000 -> 25.328204 | BO46: =BO80/BO38/1000 -> 29.684348 | BP46: =BP80/BP38/1000 -> 33.64393 | ... BV46: =BV80/BV38/1000 -> 46.083488
B47: QoQ Increase / (Decease) | C47: -0.47 | D47: =D46-C46 -> 0.23 | E47: =E46-D46 -> 0.16 | F47: =F46-E46 -> 0.65 | G47: =G46-F46 -> -0.58 | H47: =H46-G46 -> 0.39 | I47: =I46-H46 -> 0.35 | J47: =J46-I46 -> 0.83 | K47: =K46-J46 -> -0.91 | ... BF47: =BF46-BE46 -> 2.99 | BG47: x | BH47: QoQ Increase / (Decease)
B48: YoY Increase / (Decease) | C48: 0.39 | D48: 0.4 | E48: 0.45 | F48: 0.57 | G48: =G46-C46 -> 0.46 | H48: =H46-D46 -> 0.62 | I48: =I46-E46 -> 0.81 | J48: =J46-F46 -> 0.99 | K48: =K46-G46 -> 0.66 | L48: =L46-H46 -> 0.82 | M48: =I48+M49 -> 1.01 | N48: =J48+N49 -> 1.19 | O48: =K48+O49 -> 0.76 | P48: =L48+P49 -> 0.92 | Q48: =M48+Q49 -> 1.11 | R48: =N48+R49 -> 1.29 | S48: =O48+S49 -> 0.81 | T48: =P48+T49 -> 0.97 | ... BF48: =BB48+BF49 -> 0.415 | BG48: x | BH48: YoY Increase / (Decease) | BJ48: =BJ46-BI46 -> 2.8191816 | BK48: =BK46-BJ46 -> 3.8664946 | BL48: =BL46-BK46 -> 4.0557967 | BM48: =BM46-BL46 -> 4.255208 | BN48: =BN46-BM46 -> 4.3553393 | BO48: =BO46-BN46 -> 4.3561434 | BP48: =BP46-BO46 -> 3.9595827 | BQ48: =BQ46-BP46 -> 3.562859 | ... BV48: =BV46-BU46 -> 0.58304226
B49: 2nd Derivative | G49: =G48-C48 -> 0.07 | H49: =H48-D48 -> 0.22 | I49: =I48-E48 -> 0.36 | J49: =J48-F48 -> 0.42 | K49: =K48-G48 -> 0.2 | L49: =L48-H48 -> 0.2 | M49: 0.2 | N49: 0.2 | O49: 0.1 | P49: 0.1 | Q49: 0.1 | R49: 0.1 | S49: 0.05 | T49: 0.05 | U49: 0.05 | V49: 0.05 | W49: 0.025 | X49: 0.025 | Y49: 0.025 | Z49: 0.025 | AA49: 0 | AB49: 0 | AC49: 0 | AD49: 0 | AE49: -0.1 | AF49: -0.1 | AG49: -0.1 | AH49: -0.1 | AI49: -0.1 | AJ49: -0.1 | AK49: -0.1 | AL49: -0.1 | AM49: -0.15 | AN49: -0.15 | AO49: -0.15 | AP49: -0.15 | AQ49: -0.15 | AR49: -0.15 | AS49: -0.15 | AT49: -0.15 | AU49: -0.15 | AV49: -0.15 | AW49: -0.15 | AX49: -0.15 | AY49: -0.15 | AZ49: -0.15 | BA49: -0.15 | BB49: -0.15 | BC49: -0.15 | BD49: -0.15 | BE49: -0.15 | BF49: -0.15 | BG49: x | BH49: 2nd Derivative | BK49: =BK48-BJ48 -> 1.047313 | BL49: =BL48-BK48 -> 0.18930207 | BM49: =BM48-BL48 -> 0.19941135 | BN49: =BN48-BM48 -> 0.10013123 | BO49: =BO48-BN48 -> 0.00080415485 | BP49: =BP48-BO48 -> -0.39656075 | BQ49: =BQ48-BP48 -> -0.39672366 | BR49: =BR48-BQ48 -> -0.59558111 | ... BV49: =BV48-BU48 -> -0.59632288
B50: Int'l ARPU ($) | C50: 0.03 | D50: 0.04 | E50: 0.05 | F50: 0.07 | G50: 0.05 | H50: 0.05 | I50: 0.06 | J50: 0.09 | K50: 0.08 | L50: 0.11 | M50: =M52+I50 -> 0.12 | N50: =N52+J50 -> 0.16 | O50: =O52+K50 -> 0.21 | P50: =P52+L50 -> 0.27 | Q50: =Q52+M50 -> 0.28 | R50: =R52+N50 -> 0.33 | S50: =S52+O50 -> 0.44 | T50: =T52+P50 -> 0.53 | ... BF50: =BF52+BB50 -> 4.395 | BG50: x | BH50: Int'l ARPU ($) | BI50: =BI83/BI40/1000 -> 0.27230216 | BJ50: =BJ83/BJ40/1000 -> 0.33994565 | BK50: =BK83/BK40/1000 -> 0.60672199 | BL50: =BL83/BL40/1000 -> 1.3494407 | BM50: =BM83/BM40/1000 -> 2.5667449 | BN50: =BN83/BN40/1000 -> 4.0160582 | BO50: =BO83/BO40/1000 -> 5.6986994 | BP50: =BP83/BP40/1000 -> 7.6272706 | ... BV50: =BV83/BV40/1000 -> 19.718977
B51: QoQ Increase / (Decease) | C51: -0.01 | D51: =D50-C50 -> 0.01 | E51: =E50-D50 -> 0.01 | F51: =F50-E50 -> 0.02 | G51: =G50-F50 -> -0.02 | H51: =H50-G50 -> 0 | I51: =I50-H50 -> 0.01 | J51: =J50-I50 -> 0.03 | K51: =K50-J50 -> -0.01 | ... BF51: =BF50-BE50 -> 0.15 | BG51: x | BH51: QoQ Increase / (Decease)
B52: YoY Increase / (Decease) | C52: 0.03 | D52: 0.03 | E52: 0.02 | F52: 0.03 | G52: 0.02 | H52: 0.01 | I52: 0.01 | J52: 0.02 | K52: 0.03 | L52: 0.06 | M52: =I52+M53 -> 0.06 | N52: =J52+N53 -> 0.07 | O52: =K52+O53 -> 0.13 | P52: =L52+P53 -> 0.16 | Q52: =M52+Q53 -> 0.16 | R52: =N52+R53 -> 0.17 | S52: =O52+S53 -> 0.23 | T52: =P52+T53 -> 0.26 | ... BF52: =BB52+BF53 -> 0.33 | BG52: x | BH52: YoY Increase / (Decease) | BJ52: =BJ50-BI50 -> 0.067643494 | BK52: =BK50-BJ50 -> 0.26677634 | BL52: =BL50-BK50 -> 0.74271869 | BM52: =BM50-BL50 -> 1.2173042 | BN52: =BN50-BM50 -> 1.4493133 | BO52: =BO50-BN50 -> 1.6826412 | BP52: =BP50-BO50 -> 1.9285712 | BQ52: =BQ50-BP50 -> 2.026083 | ... BV52: =BV50-BU50 -> 1.4383243
B53: 2nd Derivative | G53: =G52-C52 -> -0.01 | H53: =H52-D52 -> -0.02 | I53: =I52-E52 -> -0.01 | J53: =J52-F52 -> -0.01 | K53: =K52-G52 -> 0.01 | L53: =L52-H52 -> 0.05 | M53: 0.05 | N53: 0.05 | O53: 0.1 | P53: 0.1 | Q53: 0.1 | R53: 0.1 | S53: 0.1 | T53: 0.1 | U53: 0.1 | V53: 0.1 | W53: 0.05 | X53: 0.05 | Y53: 0.05 | Z53: 0.05 | AA53: 0.05 | AB53: 0.05 | AC53: 0.05 | AD53: 0.05 | AE53: 0.05 | AF53: 0.05 | AG53: 0.05 | AH53: 0.05 | AI53: 0.025 | AJ53: 0.025 | AK53: 0.025 | AL53: 0.025 | AM53: 0.025 | AN53: 0.025 | AO53: 0.025 | AP53: 0.025 | AQ53: 0.01 | AR53: 0.01 | AS53: 0.01 | AT53: 0.01 | AU53: 0 | AV53: 0 | AW53: 0 | AX53: 0 | AY53: 0 | AZ53: 0 | BA53: 0 | BB53: 0 | BC53: -0.15 | BD53: -0.15 | BE53: -0.15 | BF53: -0.15 | BG53: x | BH53: 2nd Derivative | BK53: =BK52-BJ52 -> 0.19913285 | BL53: =BL52-BK52 -> 0.47594235 | BM53: =BM52-BL52 -> 0.4745855 | BN53: =BN52-BM52 -> 0.23200914 | BO53: =BO52-BN52 -> 0.23332785 | BP53: =BP52-BO52 -> 0.24593004 | BQ53: =BQ52-BP52 -> 0.097511814 | BR53: =BR52-BQ52 -> 0.10795021 | ... BV53: =BV52-BU52 -> -0.71425911
B54: Global ARPU ($) | C54: 0.49 | D54: 0.56 | E54: 0.6 | F54: 0.83 | G54: 0.58 | H54: 0.69 | I54: 0.79 | J54: 1.06 | K54: 0.73 | L54: 0.88 | M54: =M86/M42/1000 -> 1.0309091 | N54: =N86/N42/1000 -> 1.3040367 | O54: =O86/O42/1000 -> 0.963589 | P54: =P86/P42/1000 -> 1.1751477 | Q54: =Q86/Q42/1000 -> 1.329187 | R54: =R86/R42/1000 -> 1.6201961 | S54: =S86/S42/1000 -> 1.2825063 | T54: =T86/T42/1000 -> 1.5440541 | ... BF54: =BF86/BF42/1000 -> 6.9108727 | BG54: x | BH54: Global ARPU ($) | BI54: =BI86/BI42/1000 -> 2.2885581 | BJ54: =BJ86/BJ42/1000 -> 2.9465038 | BK54: =BK86/BK42/1000 -> 3.7771865 | BL54: =BL86/BL42/1000 -> 4.8650458 | BM54: =BM86/BM42/1000 -> 6.3763837 | BN54: =BN86/BN42/1000 -> 8.1329189 | BO54: =BO86/BO42/1000 -> 10.116476 | BP54: =BP86/BP42/1000 -> 12.269556 | ... BV54: =BV86/BV42/1000 -> 23.93977
B55: QoQ Increase / (Decease) | C55: -0.25 | D55: =D54-C54 -> 0.07 | E55: =E54-D54 -> 0.04 | F55: =F54-E54 -> 0.23 | G55: =G54-F54 -> -0.25 | H55: =H54-G54 -> 0.11 | I55: =I54-H54 -> 0.1 | J55: =J54-I54 -> 0.27 | K55: =K54-J54 -> -0.33 | ... BF55: =BF54-BE54 -> 0.62105191 | BG55: x | BH55: QoQ Increase / (Decease)
B56: YoY Increase / (Decease) | C56: 0.1 | D56: 0.08 | E56: 0.08 | F56: 0.09 | G56: =G54-C54 -> 0.09 | H56: =H54-D54 -> 0.13 | I56: =I54-E54 -> 0.19 | J56: =J54-F54 -> 0.23 | K56: =K54-G54 -> 0.15 | L56: =L54-H54 -> 0.19 | M56: =M54-I54 -> 0.24090909 | N56: =N54-J54 -> 0.2440367 | ... BF56: =BF54-BB54 -> 0.3604686 | BG56: x | BH56: YoY Increase / (Decease) | BJ56: =BJ54-BI54 -> 0.65794562 | BK56: =BK54-BJ54 -> 0.83068278 | BL56: =BL54-BK54 -> 1.0878592 | BM56: =BM54-BL54 -> 1.511338 | BN56: =BN54-BM54 -> 1.7565352 | BO56: =BO54-BN54 -> 1.9835576 | BP56: =BP54-BO54 -> 2.1530798 | BQ56: =BQ54-BP54 -> 2.1778933 | ... BV56: =BV54-BU54 -> 1.2374053
B57: 2nd Derivative | G57: =G56-C56 -> -0.01 | H57: =H56-D56 -> 0.05 | I57: =I56-E56 -> 0.11 | J57: =J56-F56 -> 0.14 | K57: =K56-G56 -> 0.06 | L57: =L56-H56 -> 0.06 | M57: =M56-I56 -> 0.050909091 | N57: =N56-J56 -> 0.014036697 | ... BF57: =BF56-BB56 -> -0.17454594 | BG57: x | BH57: 2nd Derivative | BK57: =BK56-BJ56 -> 0.17273717 | BL57: =BL56-BK56 -> 0.25717642 | BM57: =BM56-BL56 -> 0.42347876 | BN57: =BN56-BM56 -> 0.2451972 | BO57: =BO56-BN56 -> 0.22702242 | BP57: =BP56-BO56 -> 0.16952223 | BQ57: =BQ56-BP56 -> 0.024813515 | BR57: =BR56-BQ56 -> -0.00031427212 | ... BV57: =BV56-BU56 -> -0.68673684
B58: Platform Economics | BG58: x | BH58: Platform Economics
B59: From User Base Perspective | BG59: x | BH59: From User Base Perspective
B60: Cost of Revenue / Global MAU ($) | C60: =C10/C42/1000 -> 0.29452571 | D60: =D10/D42/1000 -> 0.19454595 | E60: =E10/E42/1000 -> 0.20914778 | F60: =F10/F42/1000 -> 0.2263907 | G60: =G10/G42/1000 -> 0.21522083 | H60: =H10/H42/1000 -> 0.2509697 | I60: =I10/I42/1000 -> 0.25358167 | J60: =J10/J42/1000 -> 0.25679699 | ... BF60: =BF10/BF42/1000 -> 1.3821745 | BG60: x | BH60: Cost of Revenue / Global MAU ($) | BI60: =BI10/BI42/1000 -> 0.83099535 | BJ60: =BJ10/BJ42/1000 -> 0.90821053 | BK60: =BK10/BK42/1000 -> 1.2279298 | BL60: =BL10/BL42/1000 -> 1.5548773 | BM60: =BM10/BM42/1000 -> 1.9760706 | BN60: =BN10/BN42/1000 -> 2.4422001 | BO60: =BO10/BO42/1000 -> 2.9294296 | BP60: =BP10/BP42/1000 -> 3.4367299 | ... BV60: =BV10/BV42/1000 -> 6.4908436
B61: S&M Exp. / Global MAU ($) | C61: =C16/C42/1000 -> 0.18030857 | D61: =D16/D42/1000 -> 0.2020973 | E61: =E16/E42/1000 -> 0.20674877 | F61: =F16/F42/1000 -> 0.2400093 | G61: =G16/G42/1000 -> 0.23239167 | H61: =H16/H42/1000 -> 0.28202597 | I61: =I16/I42/1000 -> 0.2658247 | J61: =J16/J42/1000 -> 0.27174812 | ... BF61: =BF16/BF42/1000 -> 1.5211522 | BG61: x | BH61: S&M Exp. / Global MAU ($) | BI61: =BI16/BI42/1000 -> 0.75587907 | BJ61: =BJ16/BJ42/1000 -> 0.97717669 | BK61: =BK16/BK42/1000 -> 1.9263807 | BL61: =BL16/BL42/1000 -> 1.7240074 | BM61: =BM16/BM42/1000 -> 2.1251053 | BN61: =BN16/BN42/1000 -> 2.5599914 | BO61: =BO16/BO42/1000 -> 2.9836774 | BP61: =BP16/BP42/1000 -> 3.4991993 | ... BV61: =BV16/BV42/1000 -> 6.1212533
B62: Unit Cost to Serve & Acquire & Retain | C62: =C60+C61 -> 0.47483429 | D62: =D60+D61 -> 0.39664324 | E62: =E60+E61 -> 0.41589655 | F62: =F60+F61 -> 0.4664 | G62: =G60+G61 -> 0.4476125 | H62: =H60+H61 -> 0.53299567 | I62: =I60+I61 -> 0.51940637 | J62: =J60+J61 -> 0.52854511 | ... BF62: =BF60+BF61 -> 2.9033267 | BG62: x | BH62: Unit Cost to Serve & Acquire & Retain | BI62: =BI60+BI61 -> 1.5868744 | BJ62: =BJ60+BJ61 -> 1.8853872 | BK62: =BK60+BK61 -> 3.1543104 | BL62: =BL60+BL61 -> 3.2788847 | BM62: =BM60+BM61 -> 4.1011759 | BN62: =BN60+BN61 -> 5.0021915 | BO62: =BO60+BO61 -> 5.913107 | BP62: =BP60+BP61 -> 6.9359293 | ... BV62: =BV60+BV61 -> 12.612097
B63: CM1 | C63: =(C54-C60)/C54 -> 0.39892711 | D63: =(D54-D60)/D54 -> 0.65259653 | E63: =(E54-E60)/E54 -> 0.65142036 | F63: =(F54-F60)/F54 -> 0.72724012 | G63: =(G54-G60)/G54 -> 0.6289296 | H63: =(H54-H60)/H54 -> 0.6362758 | I63: =(I54-I60)/I54 -> 0.67901054 | J63: =(J54-J60)/J54 -> 0.75773869 | ... BF63: =(BF54-BF60)/BF54 -> 0.8 | BG63: x | BH63: CM1 | BI63: =(BI54-BI60)/BI54 -> 0.63689131 | BJ63: =(BJ54-BJ60)/BJ54 -> 0.69176672 | BK63: =(BK54-BK60)/BK54 -> 0.67490889 | BL63: =(BL54-BL60)/BL54 -> 0.68039821 | BM63: =(BM54-BM60)/BM54 -> 0.6900954 | BN63: =(BN54-BN60)/BN54 -> 0.69971419 | BO63: =(BO54-BO60)/BO54 -> 0.71042985 | BP63: =(BP54-BP60)/BP54 -> 0.71989778 | ... BV63: =(BV54-BV60)/BV54 -> 0.72886775
B64: CM2 | C64: =(C54-C62)/C54 -> 0.030950437 | D64: =(D54-D62)/D54 -> 0.29170849 | E64: =(E54-E62)/E54 -> 0.30683908 | F64: =(F54-F62)/F54 -> 0.43807229 | G64: =(G54-G62)/G54 -> 0.22825431 | H64: =(H54-H62)/H54 -> 0.22754251 | I64: =(I54-I62)/I54 -> 0.34252358 | J64: =(J54-J62)/J54 -> 0.50137254 | ... BF64: =(BF54-BF62)/BF54 -> 0.57989 | BG64: x | BH64: CM2 | BI64: =(BI54-BI62)/BI54 -> 0.30660515 | BJ64: =(BJ54-BJ62)/BJ54 -> 0.36012733 | BK64: =(BK54-BK62)/BK54 -> 0.16490477 | BL64: =(BL54-BL62)/BL54 -> 0.32603209 | BM64: =(BM54-BM62)/BM54 -> 0.35681789 | BN64: =(BN54-BN62)/BN54 -> 0.38494511 | BO64: =(BO54-BO62)/BO54 -> 0.41549738 | BP64: =(BP54-BP62)/BP54 -> 0.43470415 | ... BV64: =(BV54-BV62)/BV54 -> 0.47317384
B65: From BD Perspective | BG65: x | BH65: From BD Perspective
B66: Rev_Q+1 / S&M Exp_Q | C66: =D7/C16 -> 3.2049186 | D66: =E7/D16 -> 3.1013427 | E66: =F7/E16 -> 4.1302359 | F66: =G7/F16 -> 2.5456184 | G66: =H7/G16 -> 2.8900922 | H66: =I7/H16 -> 2.9194603 | I66: =J7/I16 -> 4.0943617 | J66: =K7/J16 -> 2.7932628 | ... BE66: =BF7/BE16 -> 4.1026139 | BG66: x | BH66: Rev_Y / S&M Exp_Y | BI66: =BI7/BI16 -> 2.9096078 | BJ66: =BJ7/BJ16 -> 2.9082249 | BK66: =BK7/BK16 -> 1.9252564 | BL66: =BL7/BL16 -> 2.8219402 | BM66: =BM7/BM16 -> 3.0005025 | BN66: =BN7/BN16 -> 3.1769321 | BO66: =BO7/BO16 -> 3.3906067 | BP66: =BP7/BP16 -> 3.5063896 | ... BV66: =BV7/BV16 -> 3.9109262
B67: Cash Flow | BG67: x | BH67: Cash Flow
B68: Operating P&L | C68: =C20 -> -63000 | D68: =D20 -> -38388 | E68: =E20 -> -38057 | F68: =F20 -> 1511 | G68: =G20 -> -54982 | H68: =H20 -> -41368 | I68: =I20 -> -22431 | J68: =J20 -> 44060 | ... BF68: =BF20 -> 1497428.9 | BG68: x | BH68: Operating P&L | BI68: =SUMIF($C$4:$BF$4,BI$5,$C68:$BF68) -> -137934 | BJ68: =SUMIF($C$4:$BF$4,BJ$5,$C68:$BF68) -> -74721 | BK68: =SUMIF($C$4:$BF$4,BK$5,$C68:$BF68) -> -1324434.2 | BL68: =SUMIF($C$4:$BF$4,BL$5,$C68:$BF68) -> -313183.92 | BM68: =SUMIF($C$4:$BF$4,BM$5,$C68:$BF68) -> -246572.84 | BN68: =SUMIF($C$4:$BF$4,BN$5,$C68:$BF68) -> -125270.13 | BO68: =SUMIF($C$4:$BF$4,BO$5,$C68:$BF68) -> 276049.88 | BP68: =SUMIF($C$4:$BF$4,BP$5,$C68:$BF68) -> 549030.32 | ... BV68: =SUMIF($C$4:$BF$4,BV$5,$C68:$BF68) -> 2585730.1
B69: NOPAT | C69: =C68-C33 -> -63053 | D69: =D68-D33 -> -38466 | E69: =E68-E33 -> -38077 | F69: =F68-F33 -> 1351 | G69: =G68-G33 -> -55105 | H69: =H68-H33 -> -41380 | I69: =I68-I33 -> -22503 | J69: =J68-J33 -> 43857 | ... L69: =L68-L33 -> -1167180 | M69: =M68*IF(M68<0,1,1-M70) -> -103944.93 | N69: =N68*IF(N68<0,1,1-N70) -> -8520.3018 | O69: =O68*IF(O68<0,1,1-O70) -> -102054.56 | P69: =P68*IF(P68<0,1,1-P70) -> -110004.81 | Q69: =Q68*IF(Q68<0,1,1-Q70) -> -119673.19 | R69: =R68*IF(R68<0,1,1-R70) -> 13911.485 | S69: =S68*IF(S68<0,1,1-S70) -> -103481.73 | T69: =T68*IF(T68<0,1,1-T70) -> -108374.01 | ... BF69: =BF68*IF(BF68<0,1,1-BF70) -> 1123071.7 | BG69: x | BH69: NOPAT | BI69: =SUMIF($C$4:$BF$4,BI$5,$C69:$BF69) -> -138245 | BJ69: =SUMIF($C$4:$BF$4,BJ$5,$C69:$BF69) -> -75131 | BK69: =SUMIF($C$4:$BF$4,BK$5,$C69:$BF69) -> -1324624.2 | BL69: =SUMIF($C$4:$BF$4,BL$5,$C69:$BF69) -> -317821.08 | BM69: =SUMIF($C$4:$BF$4,BM$5,$C69:$BF69) -> -267004.51 | BN69: =SUMIF($C$4:$BF$4,BN$5,$C69:$BF69) -> -168589.85 | BO69: =SUMIF($C$4:$BF$4,BO$5,$C69:$BF69) -> 189915.48 | BP69: =SUMIF($C$4:$BF$4,BP$5,$C69:$BF69) -> 411772.74 | ... BV69: =SUMIF($C$4:$BF$4,BV$5,$C69:$BF69) -> 1939297.6
B70: Tax Rate | M70: 0.25 | N70: 0.25 | O70: 0.25 | P70: 0.25 | Q70: 0.25 | R70: 0.25 | S70: 0.25 | T70: 0.25 | U70: 0.25 | V70: 0.25 | W70: 0.25 | X70: 0.25 | Y70: 0.25 | Z70: 0.25 | AA70: 0.25 | AB70: 0.25 | AC70: 0.25 | AD70: 0.25 | AE70: 0.25 | AF70: 0.25 | AG70: 0.25 | AH70: 0.25 | AI70: 0.25 | AJ70: 0.25 | AK70: 0.25 | AL70: 0.25 | AM70: 0.25 | AN70: 0.25 | AO70: 0.25 | AP70: 0.25 | AQ70: 0.25 | AR70: 0.25 | AS70: 0.25 | AT70: 0.25 | AU70: 0.25 | AV70: 0.25 | AW70: 0.25 | AX70: 0.25 | AY70: 0.25 | AZ70: 0.25 | BA70: 0.25 | BB70: 0.25 | BC70: 0.25 | BD70: 0.25 | BE70: 0.25 | BF70: 0.25 | BG70: x | BH70: Tax Rate
B71: + D&A Exp. | C71: =C22 -> 4159 | D71: =D22 -> 4138 | E71: =E22 -> 3920 | F71: =F22 -> 3918 | G71: =G22 -> 4787 | H71: =H22 -> 5511 | I71: =I22 -> 5117 | J71: =J22 -> 5444 | ... BF71: =BF22 -> 110617.16 | BG71: x | BH71: + D&A Exp. | BI71: =SUMIF($C$4:$BF$4,BI$5,$C71:$BF71) -> 16135 | BJ71: =SUMIF($C$4:$BF$4,BJ$5,$C71:$BF71) -> 20859 | BK71: =SUMIF($C$4:$BF$4,BK$5,$C71:$BF71) -> 30943.25 | BL71: =SUMIF($C$4:$BF$4,BL$5,$C71:$BF71) -> 46522 | BM71: =SUMIF($C$4:$BF$4,BM$5,$C71:$BF71) -> 68546.125 | BN71: =SUMIF($C$4:$BF$4,BN$5,$C71:$BF71) -> 95256.812 | BO71: =SUMIF($C$4:$BF$4,BO$5,$C71:$BF71) -> 126329.5 | BP71: =SUMIF($C$4:$BF$4,BP$5,$C71:$BF71) -> 160731.19 | ... BV71: =SUMIF($C$4:$BF$4,BV$5,$C71:$BF71) -> 383185.94
B72: + SBC | C72: =C25 -> 7575 | D72: =D25 -> 7294 | E72: =E25 -> 7273 | F72: =F25 -> 6662 | G72: =G25 -> 4834 | H72: =H25 -> 3959 | I72: =I25 -> 3888 | J72: =J25 -> 2178 | ... L72: =L25 -> 1134599 | M72: =M132 -> 55489.056 | N72: =N132 -> 55447.823 | O72: =O132 -> 55469.068 | P72: =P132 -> 55724.601 | Q72: =Q132 -> 55946.424 | R72: =R132 -> 55849.339 | S72: =S132 -> 55926.568 | T72: =T132 -> 56257.05 | ... BF72: =BF132 -> 7141.4436 | BG72: x | BH72: + SBC | BI72: =SUMIF($C$4:$BF$4,BI$5,$C72:$BF72) -> 28804 | BJ72: =SUMIF($C$4:$BF$4,BJ$5,$C72:$BF72) -> 14859 | BK72: =SUMIF($C$4:$BF$4,BK$5,$C72:$BF72) -> 1246229.9 | BL72: =SUMIF($C$4:$BF$4,BL$5,$C72:$BF72) -> 222989.43 | BM72: =SUMIF($C$4:$BF$4,BM$5,$C72:$BF72) -> 225064.17 | BN72: =SUMIF($C$4:$BF$4,BN$5,$C72:$BF72) -> 227564.12 | BO72: =SUMIF($C$4:$BF$4,BO$5,$C72:$BF72) -> 12514.846 | BP72: =SUMIF($C$4:$BF$4,BP$5,$C72:$BF72) -> 15362.38 | ... BV72: =SUMIF($C$4:$BF$4,BV$5,$C72:$BF72) -> 32075.535
B73: - Changes in NWC | K73: =K96-J96 -> -55005 | L73: =L96-K96 -> 30081 | M73: =(M96-L96) -> 36414.1 | N73: =(N96-M96) -> 83623.9 | O73: =(O96-N96) -> -108176.1 | P73: =(P96-O96) -> 45657.5 | Q73: =(Q96-P96) -> 53425.1 | R73: =(R96-Q96) -> 120106.7 | S73: =(S96-R96) -> -149599.2 | T73: =(T96-S96) -> 66073.4 | ... BF73: =(BF96-BE96) -> 801569.12 | BG73: x | BH73: - Changes in NWC | BI73: =SUMIF($C$4:$BF$4,BI$5,$C73:$BF73) -> 0 | BJ73: =SUMIF($C$4:$BF$4,BJ$5,$C73:$BF73) -> 0 | BK73: =SUMIF($C$4:$BF$4,BK$5,$C73:$BF73) -> 95114 | BL73: =SUMIF($C$4:$BF$4,BL$5,$C73:$BF73) -> 111013.2 | BM73: =SUMIF($C$4:$BF$4,BM$5,$C73:$BF73) -> 167383.35 | BN73: =SUMIF($C$4:$BF$4,BN$5,$C73:$BF73) -> 164898.5 | BO73: =SUMIF($C$4:$BF$4,BO$5,$C73:$BF73) -> 223723.35 | BP73: =SUMIF($C$4:$BF$4,BP$5,$C73:$BF73) -> 183399.68 | ... BV73: =SUMIF($C$4:$BF$4,BV$5,$C73:$BF73) -> 181836.38
B74: - Capex | K74: =K94 -> 3706 | L74: =L94 -> 8208 | M74: =M94 -> 8079.75 | N74: =N94 -> 8528.4 | O74: =O94 -> 6658.4 | P74: =P94 -> 12532.95 | Q74: =Q94 -> 12261.75 | R74: =R94 -> 12394.5 | ... BF74: =BF94 -> 88493.725 | BG74: x | BH74: - Capex | BI74: =SUMIF($C$4:$BF$4,BI$5,$C74:$BF74) -> 0 | BJ74: =SUMIF($C$4:$BF$4,BJ$5,$C74:$BF74) -> 0 | BK74: =SUMIF($C$4:$BF$4,BK$5,$C74:$BF74) -> 28522.15 | BL74: =SUMIF($C$4:$BF$4,BL$5,$C74:$BF74) -> 43847.6 | BM74: =SUMIF($C$4:$BF$4,BM$5,$C74:$BF74) -> 64733.575 | BN74: =SUMIF($C$4:$BF$4,BN$5,$C74:$BF74) -> 90077.825 | BO74: =SUMIF($C$4:$BF$4,BO$5,$C74:$BF74) -> 119568.82 | BP74: =SUMIF($C$4:$BF$4,BP$5,$C74:$BF74) -> 152225.9 | ... BV74: =SUMIF($C$4:$BF$4,BV$5,$C74:$BF74) -> 363406.23
B75: = FCF | K75: =K69+K71+K72-K73-K74 -> 12710 | L75: =L69+L71+L72-L73-L74 -> -64363 | M75: =M69+M71-M73-M74 -> -140359.03 | N75: =N69+N71-N73-N74 -> -90012.102 | O75: =O69+O71-O73-O74 -> 7786.1363 | P75: =P69+P71-P73-P74 -> -157751.13 | Q75: =Q69+Q71-Q73-Q74 -> -173098.29 | R75: =R69+R71-R73-R74 -> -103096.59 | S75: =S69+S71-S73-S74 -> 48676.069 | T75: =T69+T71-T73-T74 -> -177589.56 | ... BF75: =BF69+BF71-BF73-BF74 -> 343625.96 | BG75: x | BH75: = FCF | BI75: =SUMIF($C$4:$BF$4,BI$5,$C75:$BF75) -> 0 | BJ75: =SUMIF($C$4:$BF$4,BJ$5,$C75:$BF75) -> 0 | BK75: =SUMIF($C$4:$BF$4,BK$5,$C75:$BF75) -> -282024.13 | BL75: =SUMIF($C$4:$BF$4,BL$5,$C75:$BF75) -> -426159.88 | BM75: =SUMIF($C$4:$BF$4,BM$5,$C75:$BF75) -> -430575.31 | BN75: =SUMIF($C$4:$BF$4,BN$5,$C75:$BF75) -> -328309.36 | BO75: =SUMIF($C$4:$BF$4,BO$5,$C75:$BF75) -> -27047.194 | BP75: =SUMIF($C$4:$BF$4,BP$5,$C75:$BF75) -> 236878.35 | ... BV75: =SUMIF($C$4:$BF$4,BV$5,$C75:$BF75) -> 1777240.9
B76: Beginning Cash & Mkt Securities | K76: =J77 -> 627813 | L76: =K77 -> 642216 | M76: =L77 -> 1850748 | N76: =M77 -> 1710389 | O76: =N77 -> 1620376.9 | P76: =O77 -> 1628163 | Q76: =P77 -> 1470411.9 | R76: =Q77 -> 1297313.6 | ... BF76: =BE77 -> 6749046.8 | BG76: x | BH76: Beginning Cash & Mkt Securities | BJ76: =BI77 -> 711628 | BK76: =BJ77 -> 627813 | BL76: =BK77 -> 1620376.9 | BM76: =BL77 -> 1194217 | BN76: =BM77 -> 763641.68 | BO76: =BN77 -> 435332.32 | BP76: =BO77 -> 408285.12 | BQ76: =BP77 -> 645163.47 | ... BV76: =BU77 -> 5315431.9
B77: Ending Cash & Mkt Securities | F77: 711628 | J77: 627813 | K77: 642216 | L77: 1850748 | M77: =M75+M76 -> 1710389 | N77: =N75+N76 -> 1620376.9 | O77: =O75+O76 -> 1628163 | P77: =P75+P76 -> 1470411.9 | Q77: =Q75+Q76 -> 1297313.6 | R77: =R75+R76 -> 1194217 | S77: =S75+S76 -> 1242893.1 | T77: =T75+T76 -> 1065303.5 | ... BF77: =BF75+BF76 -> 7092672.8 | BG77: x | BH77: Ending Cash & Mkt Securities | BI77: =SUMIF($C$37:$BF$37,BI$5,$C77:$BF77) -> 711628 | BJ77: =SUMIF($C$37:$BF$37,BJ$5,$C77:$BF77) -> 627813 | BK77: =SUMIF($C$37:$BF$37,BK$5,$C77:$BF77) -> 1620376.9 | BL77: =SUMIF($C$37:$BF$37,BL$5,$C77:$BF77) -> 1194217 | BM77: =SUMIF($C$37:$BF$37,BM$5,$C77:$BF77) -> 763641.68 | BN77: =SUMIF($C$37:$BF$37,BN$5,$C77:$BF77) -> 435332.32 | BO77: =SUMIF($C$37:$BF$37,BO$5,$C77:$BF77) -> 408285.12 | BP77: =SUMIF($C$37:$BF$37,BP$5,$C77:$BF77) -> 645163.47 | ... BV77: =SUMIF($C$37:$BF$37,BV$5,$C77:$BF77) -> 7092672.8
B78: Capital Shortfall | M78: =IF(M77<0,M77,0) -> 0 | N78: =IF(N77<0,N77,0) -> 0 | O78: =IF(O77<0,O77,0) -> 0 | P78: =IF(P77<0,P77,0) -> 0 | Q78: =IF(Q77<0,Q77,0) -> 0 | R78: =IF(R77<0,R77,0) -> 0 | S78: =IF(S77<0,S77,0) -> 0 | T78: =IF(T77<0,T77,0) -> 0 | ... BF78: =IF(BF77<0,BF77,0) -> 0 | BG78: x | BH78: Capital Shortfall
BG79: x
B80: US Revenue ($K) | C80: =C38*C46*1000 -> 80230 | D80: =D38*D46*1000 -> 96560 | E80: =E38*E46*1000 -> 112480 | F80: =F38*F46*1000 -> 164920 | G80: =G38*G46*1000 -> 127200 | H80: =H38*H46*1000 -> 148500 | I80: =I38*I46*1000 -> 186400 | J80: =J38*J46*1000 -> 259120 | ... BF80: =BF38*BF46*1000 -> 1610787.5 | BG80: x | BH80: US Revenue ($K) | BI80: =SUMIF($C$4:$BF$4,BI$5,$C80:$BF80) -> 454190 | BJ80: =SUMIF($C$4:$BF$4,BJ$5,$C80:$BF80) -> 721220 | BK80: =SUMIF($C$4:$BF$4,BK$5,$C80:$BF80) -> 1088920 | BL80: =SUMIF($C$4:$BF$4,BL$5,$C80:$BF80) -> 1462795 | BM80: =SUMIF($C$4:$BF$4,BM$5,$C80:$BF80) -> 1866585 | BN80: =SUMIF($C$4:$BF$4,BN$5,$C80:$BF80) -> 2292202.5 | BO80: =SUMIF($C$4:$BF$4,BO$5,$C80:$BF80) -> 2730960 | BP80: =SUMIF($C$4:$BF$4,BP$5,$C80:$BF80) -> 3145707.5 | ... BV80: =SUMIF($C$4:$BF$4,BV$5,$C80:$BF80) -> 4723557.5
B81: QoQ (%) | D81: =D80/C80-1 -> 0.20353982 | E81: =E80/D80-1 -> 0.16487158 | F81: =F80/E80-1 -> 0.46621622 | G81: =G80/F80-1 -> -0.22871695 | H81: =H80/G80-1 -> 0.16745283 | I81: =I80/H80-1 -> 0.25521886 | J81: =J80/I80-1 -> 0.39012876 | K81: =K80/J80-1 -> -0.26192498 | ... BF81: =BF80/BE80-1 -> 0.24102431 | BG81: x | BH81: QoQ (%)
B82: YoY (%) | G82: =G80/C80-1 -> 0.58544185 | H82: =H80/D80-1 -> 0.53790389 | I82: =I80/E80-1 -> 0.6571835 | J82: =J80/F80-1 -> 0.57118603 | K82: =K80/G80-1 -> 0.50353774 | L82: =L80/H80-1 -> 0.6026936 | M82: =M80/I80-1 -> 0.5320279 | N82: =N80/J80-1 -> 0.44373263 | ... BF82: =BF80/BB80-1 -> 0.042378503 | BG82: x | BH82: YoY (%) | BJ82: =BJ80/BI80-1 -> 0.58792576 | BK82: =BK80/BJ80-1 -> 0.50983056 | BL82: =BL80/BK80-1 -> 0.34334478 | BM82: =BM80/BL80-1 -> 0.27604005 | BN82: =BN80/BM80-1 -> 0.22801935 | BO82: =BO80/BN80-1 -> 0.19141306 | BP82: =BP80/BO80-1 -> 0.15186876 | BQ82: =BQ80/BP80-1 -> 0.12364071 | ... BV82: =BV80/BU80-1 -> 0.027855782
B83: Int'l Revenue ($K) | C83: =C50*C42*1000 -> 5250 | D83: =D50*D42*1000 -> 7400 | E83: =E50*E42*1000 -> 10150 | F83: =F50*F42*1000 -> 15050 | G83: =G50*G42*1000 -> 12000 | H83: =H50*H42*1000 -> 11550 | I83: =I50*I42*1000 -> 15060 | J83: =J50*J42*1000 -> 23940 | ... BF83: =BF50*BF42*1000 -> 2813898.8 | BG83: x | BH83: Int'l Revenue ($K) | BI83: =SUMIF($C$4:$BF$4,BI$5,$C83:$BF83) -> 37850 | BJ83: =SUMIF($C$4:$BF$4,BJ$5,$C83:$BF83) -> 62550 | BK83: =SUMIF($C$4:$BF$4,BK$5,$C83:$BF83) -> 146220 | BL83: =SUMIF($C$4:$BF$4,BL$5,$C83:$BF83) -> 398085 | BM83: =SUMIF($C$4:$BF$4,BM$5,$C83:$BF83) -> 875260 | BN83: =SUMIF($C$4:$BF$4,BN$5,$C83:$BF83) -> 1518070 | BO83: =SUMIF($C$4:$BF$4,BO$5,$C83:$BF83) -> 2322220 | BP83: =SUMIF($C$4:$BF$4,BP$5,$C83:$BF83) -> 3283540 | ... BV83: =SUMIF($C$4:$BF$4,BV$5,$C83:$BF83) -> 10603880
B84: QoQ (%) | D84: =D83/C83-1 -> 0.40952381 | E84: =E83/D83-1 -> 0.37162162 | F84: =F83/E83-1 -> 0.48275862 | G84: =G83/F83-1 -> -0.20265781 | H84: =H83/G83-1 -> -0.0375 | I84: =I83/H83-1 -> 0.3038961 | J84: =J83/I83-1 -> 0.58964143 | K84: =K83/J83-1 -> -0.027568922 | ... BF84: =BF83/BE83-1 -> 0.044306695 | BG84: x | BH84: QoQ (%)
B85: YoY (%) | G85: =G83/C83-1 -> 1.2857143 | H85: =H83/D83-1 -> 0.56081081 | I85: =I83/E83-1 -> 0.48374384 | J85: =J83/F83-1 -> 0.59069767 | K85: =K83/G83-1 -> 0.94 | L85: =L83/H83-1 -> 1.8571429 | M85: =M83/I83-1 -> 1.498008 | N85: =N83/J83-1 -> 1.1854637 | ... BF85: =BF83/BB83-1 -> 0.11335105 | BG85: x | BH85: YoY (%) | BJ85: =BJ83/BI83-1 -> 0.65257596 | BK85: =BK83/BJ83-1 -> 1.3376499 | BL85: =BL83/BK83-1 -> 1.7225072 | BM85: =BM83/BL83-1 -> 1.1986762 | BN85: =BN83/BM83-1 -> 0.73442177 | BO85: =BO83/BN83-1 -> 0.52971866 | BP85: =BP83/BO83-1 -> 0.41396595 | BQ85: =BQ83/BP83-1 -> 0.32590512 | ... BV85: =BV83/BU83-1 -> 0.11389389
B86: Global Revenue ($K) | C86: =C80+C83 -> 85480 | D86: =D80+D83 -> 103960 | E86: =E80+E83 -> 122630 | F86: =F80+F83 -> 179970 | G86: =G80+G83 -> 139200 | H86: =H80+H83 -> 160050 | I86: =I80+I83 -> 201460 | J86: =J80+J83 -> 283060 | ... BF86: =BF80+BF83 -> 4424686.2 | BG86: x | BH86: Global Revenue ($K) | BI86: =SUMIF($C$4:$BF$4,BI$5,$C86:$BF86) -> 492040 | BJ86: =SUMIF($C$4:$BF$4,BJ$5,$C86:$BF86) -> 783770 | BK86: =SUMIF($C$4:$BF$4,BK$5,$C86:$BF86) -> 1235140 | BL86: =SUMIF($C$4:$BF$4,BL$5,$C86:$BF86) -> 1860880 | BM86: =SUMIF($C$4:$BF$4,BM$5,$C86:$BF86) -> 2741845 | BN86: =SUMIF($C$4:$BF$4,BN$5,$C86:$BF86) -> 3810272.5 | BO86: =SUMIF($C$4:$BF$4,BO$5,$C86:$BF86) -> 5053180 | BP86: =SUMIF($C$4:$BF$4,BP$5,$C86:$BF86) -> 6429247.5 | ... BV86: =SUMIF($C$4:$BF$4,BV$5,$C86:$BF86) -> 15327438
B87: QoQ (%) | D87: =D86/C86-1 -> 0.21619092 | E87: =E86/D86-1 -> 0.1795883 | F87: =F86/E86-1 -> 0.46758542 | G87: =G86/F86-1 -> -0.22653776 | H87: =H86/G86-1 -> 0.14978448 | I87: =I86/H86-1 -> 0.25873165 | J87: =J86/I86-1 -> 0.40504318 | K87: =K86/J86-1 -> -0.24210415 | ... BF87: =BF86/BE86-1 -> 0.10825959 | BG87: x | BH87: QoQ (%)
B88: YoY (%) | G88: =G86/C86-1 -> 0.6284511 | H88: =H86/D86-1 -> 0.53953444 | I88: =I86/E86-1 -> 0.64282802 | J88: =J86/F86-1 -> 0.57281769 | K88: =K86/G86-1 -> 0.54116379 | L88: =L86/H86-1 -> 0.69322087 | M88: =M86/I86-1 -> 0.60423905 | N88: =N86/J86-1 -> 0.50646506 | ... BF88: =BF86/BB86-1 -> 0.086422106 | BG88: x | BH88: YoY (%) | BJ88: =BJ86/BI86-1 -> 0.59289895 | BK88: =BK86/BJ86-1 -> 0.57589599 | BL88: =BL86/BK86-1 -> 0.50661463 | BM88: =BM86/BL86-1 -> 0.47341312 | BN88: =BN86/BM86-1 -> 0.38967465 | BO88: =BO86/BN86-1 -> 0.32619911 | BP88: =BP86/BO86-1 -> 0.27231713 | BQ88: =BQ86/BP86-1 -> 0.22694102 | ... BV88: =BV86/BU86-1 -> 0.085882094
BG89: x
B90: GM (%) W/O Unrecognized RSU Charges | C90: =C12 -> 0.37468001 | D90: =D12 -> 0.6441045 | E90: =E12 -> 0.63384302 | F90: =F12 -> 0.71920898 | G90: =G12 -> 0.60677989 | H90: =H12 -> 0.64034195 | I90: =I12 -> 0.66535224 | J90: =J12 -> 0.74995607 | ... L90: =L12 -> 0.59649606 | M90: 0.65 | N90: 0.75 | O90: 0.65 | P90: 0.65 | Q90: 0.65 | R90: 0.75 | S90: =O90+1% -> 0.66 | T90: =P90+1% -> 0.66 | U90: =Q90+1% -> 0.66 | V90: =R90+1% -> 0.76 | W90: =S90+1% -> 0.67 | X90: =T90+1% -> 0.67 | Y90: =U90+1% -> 0.67 | Z90: =V90+1% -> 0.77 | ... AL90: =AH90+1% -> 0.8 | AM90: 0.7 | AN90: 0.7 | AO90: 0.7 | AP90: 0.8 | AQ90: 0.7 | AR90: 0.7 | AS90: 0.7 | AT90: 0.8 | AU90: 0.7 | AV90: 0.7 | AW90: 0.7 | AX90: 0.8 | AY90: 0.7 | AZ90: 0.7 | BA90: 0.7 | BB90: 0.8 | BC90: 0.7 | BD90: 0.7 | BE90: 0.7 | BF90: 0.8 | BG90: x | BH90: GM (%) W/O Unrecognized RSU Charges | BI90: =(BI11+BI91)/BI7 -> 0.62215662 | BJ90: =(BJ11+BJ91)/BJ7 -> 0.6804157 | BK90: =(BK11+BK91)/BK7 -> 0.67114086 | BL90: =(BL11+BL91)/BL7 -> 0.68330279 | BM90: =(BM11+BM91)/BM7 -> 0.69206673 | BN90: =(BN11+BN91)/BN7 -> 0.70113275 | BO90: =(BO11+BO91)/BO7 -> 0.71042985 | BP90: =(BP11+BP91)/BP7 -> 0.71989778 | ... BV90: =(BV11+BV91)/BV7 -> 0.72886775
B91: Cost of Rev. - Unrecognized RSU Charges | C91: 0 | D91: 0 | E91: 0 | F91: 0 | G91: 0 | H91: 0 | I91: 0 | J91: 0 | K91: 0 | L91: 0 | M91: =M121*M122 -> 1351.2692 | N91: =N121*N122 -> 1351.2692 | O91: =O121*O122 -> 1351.2692 | P91: =P121*P122 -> 1351.2692 | Q91: =Q121*Q122 -> 1351.2692 | R91: =R121*R122 -> 1351.2692 | S91: =S121*S122 -> 1351.2692 | T91: =T121*T122 -> 1351.2692 | ... BF91: =BF121*BF122 -> 0 | BG91: x | BH91: Cost of Rev. - Unrecognized RSU Charges | BI91: =SUMIF($C$4:$BF$4,BI$5,$C91:$BF91) -> 0 | BJ91: =SUMIF($C$4:$BF$4,BJ$5,$C91:$BF91) -> 0 | BK91: =SUMIF($C$4:$BF$4,BK$5,$C91:$BF91) -> 2702.5383 | BL91: =SUMIF($C$4:$BF$4,BL$5,$C91:$BF91) -> 5405.0767 | BM91: =SUMIF($C$4:$BF$4,BM$5,$C91:$BF91) -> 5405.0767 | BN91: =SUMIF($C$4:$BF$4,BN$5,$C91:$BF91) -> 5405.0767 | BO91: =SUMIF($C$4:$BF$4,BO$5,$C91:$BF91) -> 0 | BP91: =SUMIF($C$4:$BF$4,BP$5,$C91:$BF91) -> 0 | ... BV91: =SUMIF($C$4:$BF$4,BV$5,$C91:$BF91) -> 0
BG92: x
B93: D&A Exp. as % of Revenue | C93: =C22/C7 -> 0.050457992 | D93: =D22/D7 -> 0.04091844 | E93: =E22/E7 -> 0.033806801 | F93: =F22/F7 -> 0.022602194 | G93: =G22/G7 -> 0.036442117 | H93: =H22/H7 -> 0.034189042 | I93: =I22/I7 -> 0.026903684 | J93: =J22/J7 -> 0.019927961 | ... L93: =L22/L7 -> 0.024907272 | M93: 0.025 | N93: 0.025 | O93: 0.025 | P93: 0.025 | Q93: 0.025 | R93: 0.025 | S93: 0.025 | T93: 0.025 | U93: 0.025 | V93: 0.025 | W93: 0.025 | X93: 0.025 | Y93: 0.025 | Z93: 0.025 | AA93: 0.025 | AB93: 0.025 | AC93: 0.025 | AD93: 0.025 | AE93: 0.025 | AF93: 0.025 | AG93: 0.025 | AH93: 0.025 | AI93: 0.025 | AJ93: 0.025 | AK93: 0.025 | AL93: 0.025 | AM93: 0.025 | AN93: 0.025 | AO93: 0.025 | AP93: 0.025 | AQ93: 0.025 | AR93: 0.025 | AS93: 0.025 | AT93: 0.025 | AU93: 0.025 | AV93: 0.025 | AW93: 0.025 | AX93: 0.025 | AY93: 0.025 | AZ93: 0.025 | BA93: 0.025 | BB93: 0.025 | BC93: 0.025 | BD93: 0.025 | BE93: 0.025 | BF93: 0.025 | BG93: x | BH93: D&A Exp. as % of Revenue | BI93: =BI22/BI7 -> 0.034122728 | BJ93: =BJ22/BJ7 -> 0.027593752 | BK93: =BK22/BK7 -> 0.025514525 | BL93: =BL22/BL7 -> 0.025 | BM93: =BM22/BM7 -> 0.025 | BN93: =BN22/BN7 -> 0.025 | BO93: =BO22/BO7 -> 0.025 | BP93: =BP22/BP7 -> 0.025 | ... BV93: =BV22/BV7 -> 0.025
B94: Capex | C94: =16135/4 -> 4033.75 | D94: =16135/4 -> 4033.75 | E94: =16135/4 -> 4033.75 | F94: =16135/4 -> 4033.75 | G94: =20859/4 -> 5214.75 | H94: =20859/4 -> 5214.75 | I94: =20859/4 -> 5214.75 | J94: =20859/4 -> 5214.75 | K94: 3706 | L94: 8208 | M94: =M95*M7 -> 8079.75 | N94: =N95*N7 -> 8528.4 | O94: =O95*O7 -> 6658.4 | P94: =P95*P7 -> 12532.95 | Q94: =Q95*Q7 -> 12261.75 | R94: =R95*R7 -> 12394.5 | S94: =S95*S7 -> 10234.4 | T94: =T95*T7 -> 18852.9 | ... BF94: =BF95*BF7 -> 88493.725 | BG94: x | BH94: Capex | BI94: =BI74 -> 0 | BJ94: =BJ74 -> 0 | BK94: =BK74 -> 28522.15 | BL94: =BL74 -> 43847.6 | BM94: =BM74 -> 64733.575 | BN94: =BN74 -> 90077.825 | BO94: =BO74 -> 119568.82 | BP94: =BP74 -> 152225.9 | ... BV94: =BV74 -> 363406.23
B95: Capex as % of Revenue | C95: =C94/C7 -> 0.048938429 | D95: =D94/D7 -> 0.039887568 | E95: =E94/E7 -> 0.034787802 | F95: =F94/F7 -> 0.023269934 | G95: =G94/G7 -> 0.03969846 | H95: =H94/H7 -> 0.032351171 | I95: =I94/I7 -> 0.027417625 | J95: =J94/J7 -> 0.019088783 | ... L95: =L94/L7 -> 0.031418302 | M95: 0.025 | N95: 0.02 | O95: 0.02 | P95: 0.03 | Q95: 0.025 | R95: 0.02 | S95: 0.02 | T95: 0.03 | U95: 0.025 | V95: 0.02 | W95: 0.02 | X95: 0.03 | Y95: 0.025 | Z95: 0.02 | AA95: 0.02 | AB95: 0.03 | AC95: 0.025 | AD95: 0.02 | AE95: 0.02 | AF95: 0.03 | AG95: 0.025 | AH95: 0.02 | AI95: 0.02 | AJ95: 0.03 | AK95: 0.025 | AL95: 0.02 | AM95: 0.02 | AN95: 0.03 | AO95: 0.025 | AP95: 0.02 | AQ95: 0.02 | AR95: 0.03 | AS95: 0.025 | AT95: 0.02 | AU95: 0.02 | AV95: 0.03 | AW95: 0.025 | AX95: 0.02 | AY95: 0.02 | AZ95: 0.03 | BA95: 0.025 | BB95: 0.02 | BC95: 0.02 | BD95: 0.03 | BE95: 0.025 | BF95: 0.02 | BG95: x | BH95: Capex as % of Revenue | BI95: =BI94/BI7 -> 0 | BJ95: =BJ94/BJ7 -> 0 | BK95: =BK94/BK7 -> 0.023518186 | BL95: =BL94/BL7 -> 0.02356283 | BM95: =BM94/BM7 -> 0.023609495 | BN95: =BN94/BN7 -> 0.023640783 | BO95: =BO94/BO7 -> 0.023662095 | BP95: =BP94/BP7 -> 0.023677094 | ... BV95: =BV94/BV7 -> 0.023709523
B96: NWC | F96: 111015 | J96: 147440 | K96: 92435 | L96: 122516 | M96: =SUM(J7:M7)*M97 -> 158930.1 | N96: =SUM(K7:N7)*N97 -> 242554 | O96: =SUM(L7:O7)*O97 -> 134377.9 | P96: =SUM(M7:P7)*P97 -> 180035.4 | Q96: =SUM(N7:Q7)*Q97 -> 233460.5 | R96: =SUM(O7:R7)*R97 -> 353567.2 | S96: =SUM(P7:S7)*S97 -> 203968 | T96: =SUM(Q7:T7)*T97 -> 270041.4 | ... BF96: =SUM(BC7:BF7)*BF97 -> 2299115.6 | BG96: x | BH96: NWC | BI96: =SUMIF($C$37:$BF$37,BI$5,$C96:$BF96) -> 111015 | BJ96: =SUMIF($C$37:$BF$37,BJ$5,$C96:$BF96) -> 147440 | BK96: =SUMIF($C$37:$BF$37,BK$5,$C96:$BF96) -> 242554 | BL96: =SUMIF($C$37:$BF$37,BL$5,$C96:$BF96) -> 353567.2 | BM96: =SUMIF($C$37:$BF$37,BM$5,$C96:$BF96) -> 520950.55 | BN96: =SUMIF($C$37:$BF$37,BN$5,$C96:$BF96) -> 685849.05 | BO96: =SUMIF($C$37:$BF$37,BO$5,$C96:$BF96) -> 909572.4 | BP96: =SUMIF($C$37:$BF$37,BP$5,$C96:$BF96) -> 1092972.1 | ... BV96: =SUMIF($C$37:$BF$37,BV$5,$C96:$BF96) -> 2299115.6
B97: NWC as % of LTM Revenue | F97: =F96/SUM(C7:F7) -> 0.23477748 | J97: =J96/SUM(G7:J7) -> 0.195044 | K97: =K96/SUM(H7:K7) -> 0.11184125 | L97: =L96/SUM(I7:L7) -> 0.13222944 | M97: 0.15 | N97: 0.2 | O97: 0.1 | P97: 0.12 | Q97: 0.14 | R97: 0.19 | S97: 0.1 | T97: 0.12 | U97: 0.14 | V97: 0.19 | W97: 0.1 | X97: 0.11 | Y97: 0.13 | Z97: 0.18 | AA97: 0.1 | AB97: 0.11 | AC97: 0.13 | AD97: 0.18 | AE97: 0.1 | AF97: 0.1 | AG97: 0.12 | AH97: 0.17 | AI97: 0.1 | AJ97: 0.1 | AK97: 0.12 | AL97: 0.17 | AM97: 0.1 | AN97: 0.1 | AO97: 0.11 | AP97: 0.16 | AQ97: 0.1 | AR97: 0.1 | AS97: 0.11 | AT97: 0.16 | AU97: 0.1 | AV97: 0.1 | AW97: 0.1 | AX97: 0.15 | AY97: 0.1 | AZ97: 0.1 | BA97: 0.1 | BB97: 0.15 | BC97: 0.1 | BD97: 0.1 | BE97: 0.1 | BF97: 0.15 | BG97: x | BH97: NWC as % of LTM Revenue | BI97: =BI96/BI7 -> 0.23477748 | BJ97: =BJ96/BJ7 -> 0.195044 | BK97: =BK96/BK7 -> 0.2 | BL97: =BL96/BL7 -> 0.19 | BM97: =BM96/BM7 -> 0.19 | BN97: =BN96/BN7 -> 0.18 | BO97: =BO96/BO7 -> 0.18 | BP97: =BP96/BP7 -> 0.17 | ... BV97: =BV96/BV7 -> 0.15
B98: Interest Income | C98: =C30 -> 1685 | D98: =D30 -> 1824 | E98: =E30 -> 2338 | F98: =F30 -> 2466 | G98: =G30 -> 2638 | H98: =H30 -> 3187 | I98: =I30 -> 3547 | J98: =J30 -> 3780 | ... L98: =L30 -> 8127 | M98: 8000 | N98: 8000 | O98: 8000 | P98: 8000 | Q98: 8000 | R98: 8000 | S98: 8000 | T98: 8000 | U98: 8000 | V98: 8000 | W98: 8000 | X98: 8000 | Y98: 8000 | Z98: 8000 | AA98: 8000 | AB98: 8000 | AC98: 8000 | AD98: 8000 | AE98: 8000 | AF98: 8000 | AG98: 8000 | AH98: 8000 | AI98: 8000 | AJ98: 8000 | AK98: 8000 | AL98: 8000 | AM98: 8000 | AN98: 8000 | AO98: 8000 | AP98: 8000 | AQ98: 8000 | AR98: 8000 | AS98: 8000 | AT98: 8000 | AU98: 8000 | AV98: 8000 | AW98: 8000 | AX98: 8000 | AY98: 8000 | AZ98: 8000 | BA98: 8000 | BB98: 8000 | BC98: 8000 | BD98: 8000 | BE98: 8000 | BF98: 8000 | BG98: x | BH98: Interest Income | BI98: =BI30 -> 8313 | BJ98: =BJ30 -> 13152 | BK98: =BK30 -> 28186 | BL98: =BL30 -> 32000 | BM98: =BM30 -> 32000 | BN98: =BN30 -> 32000 | BO98: =BO30 -> 32000 | BP98: =BP30 -> 32000 | ... BV98: =BV30 -> 32000
B99: Int. Exp. & Other Income / Exp., net | C99: =C31 -> 168 | D99: =D31 -> 39 | E99: =E31 -> 94 | F99: =F31 -> -413 | G99: =G31 -> -242 | H99: =H31 -> -214 | I99: =I31 -> 82 | J99: =J31 -> -621 | ... L99: =L31 -> -448 | M99: -500 | N99: -500 | O99: -500 | P99: -500 | Q99: -500 | R99: -500 | S99: -500 | T99: -500 | U99: -500 | V99: -500 | W99: -500 | X99: -500 | Y99: -500 | Z99: -500 | AA99: -500 | AB99: -500 | AC99: -500 | AD99: -500 | AE99: -500 | AF99: -500 | AG99: -500 | AH99: -500 | AI99: -500 | AJ99: -500 | AK99: -500 | AL99: -500 | AM99: -500 | AN99: -500 | AO99: -500 | AP99: -500 | AQ99: -500 | AR99: -500 | AS99: -500 | AT99: -500 | AU99: -500 | AV99: -500 | AW99: -500 | AX99: -500 | AY99: -500 | AZ99: -500 | BA99: -500 | BB99: -500 | BC99: -500 | BD99: -500 | BE99: -500 | BF99: -500 | BG99: x | BH99: Int. Exp. & Other Income / Exp., net | BI99: =BI31 -> -112 | BJ99: =BJ31 -> -995 | BK99: =BK31 -> -1948 | BL99: =BL31 -> -2000 | BM99: =BM31 -> -2000 | BN99: =BN31 -> -2000 | BO99: =BO31 -> -2000 | BP99: =BP31 -> -2000 | ... BV99: =BV31 -> -2000
BG100: x
B101: Opex Before Unrecognized RSU Charge | L101: Incl. RSU | BG101: x | BH101: Opex Before Unrecognized RSU Charge
B102: Research & Development Exp. | C102: =C14 -> 48069 | D102: =D14 -> 51495 | E102: =E14 -> 53930 | F102: =F14 -> 54479 | G102: =G14 -> 60047 | H102: =H14 -> 61604 | I102: =I14 -> 63541 | J102: =J14 -> 66470 | ... L102: =L14 -> 801879 | M102: =M7*M103 -> 113116.5 | N102: =N7*N103 -> 106605 | O102: =O7*O103 -> 109863.6 | P102: =P7*P103 -> 137862.45 | Q102: =Q7*Q103 -> 161855.1 | R102: =R7*R103 -> 148734 | S102: =S7*S103 -> 158633.2 | T102: =T7*T103 -> 194813.3 | ... BF102: =BF7*BF103 -> 752196.66 | BG102: x | BH102: Research & Development Exp. | BI102: =SUMIF($C$4:$BF$4,BI$5,$C102:$BF102) -> 207973 | BJ102: =SUMIF($C$4:$BF$4,BJ$5,$C102:$BF102) -> 251662 | BK102: =SUMIF($C$4:$BF$4,BK$5,$C102:$BF102) -> 1097994.5 | BL102: =SUMIF($C$4:$BF$4,BL$5,$C102:$BF102) -> 558315.15 | BM102: =SUMIF($C$4:$BF$4,BM$5,$C102:$BF102) -> 779634.35 | BN102: =SUMIF($C$4:$BF$4,BN$5,$C102:$BF102) -> 1048182.3 | BO102: =SUMIF($C$4:$BF$4,BO$5,$C102:$BF102) -> 1342408.2 | BP102: =SUMIF($C$4:$BF$4,BP$5,$C102:$BF102) -> 1646413.1 | ... BV102: =SUMIF($C$4:$BF$4,BV$5,$C102:$BF102) -> 3423370.7
...

Sheet Projection Visualization
B1: WIP Model for Intellectual Exercise
B3: james.yeh@yncm-rs.com
B4: Pinterest MAU (M)
S6: User Base | T6: 2016 | U6: 2017 | V6: 2018 | W6: 2019E | X6: 2020E | Y6: 2021E | Z6: 2022E | AA6: 2023E | AB6: 2024E | AC6: 2025E | AD6: 2026E | AE6: 2027E | AF6: 2028E | AG6: 2029E | AH6: 2030E
S7: US MAU (M) | T7: 70 | U7: ='ASM & Model'!BI38 -> 76 | V7: ='ASM & Model'!BJ38 -> 82 | W7: ='ASM & Model'!BK38 -> 86 | X7: ='ASM & Model'!BL38 -> 87.5 | Y7: ='ASM & Model'!BM38 -> 89 | Z7: ='ASM & Model'!BN38 -> 90.5 | AA7: ='ASM & Model'!BO38 -> 92 | AB7: ='ASM & Model'!BP38 -> 93.5 | ... AH7: ='ASM & Model'!BV38 -> 102.5
S8: Int'l MAU (M) | T8: 90 | U8: ='ASM & Model'!BI40 -> 139 | V8: ='ASM & Model'!BJ40 -> 184 | W8: ='ASM & Model'!BK40 -> 241 | X8: ='ASM & Model'!BL40 -> 295 | Y8: ='ASM & Model'!BM40 -> 341 | Z8: ='ASM & Model'!BN40 -> 378 | AA8: ='ASM & Model'!BO40 -> 407.5 | AB8: ='ASM & Model'!BP40 -> 430.5 | ... AH8: ='ASM & Model'!BV40 -> 537.75
S10: User Base YoY | U10: 2017 | V10: 2018 | W10: 2019E | X10: 2020E | Y10: 2021E | Z10: 2022E | AA10: 2023E | AB10: 2024E | AC10: 2025E | AD10: 2026E | AE10: 2027E | AF10: 2028E | AG10: 2029E | AH10: 2030E
S11: US MAU YoY | U11: =U7/T7-1 -> 0.085714286 | V11: =V7/U7-1 -> 0.078947368 | W11: =W7/V7-1 -> 0.048780488 | X11: =X7/W7-1 -> 0.01744186 | Y11: =Y7/X7-1 -> 0.017142857 | Z11: =Z7/Y7-1 -> 0.016853933 | AA11: =AA7/Z7-1 -> 0.016574586 | AB11: =AB7/AA7-1 -> 0.016304348 | ... AH11: =AH7/AG7-1 -> 0.014851485
S12: Int'l MAU YoY | U12: =U8/T8-1 -> 0.54444444 | V12: =V8/U8-1 -> 0.32374101 | W12: =W8/V8-1 -> 0.30978261 | X12: =X8/W8-1 -> 0.22406639 | Y12: =Y8/X8-1 -> 0.1559322 | Z12: =Z8/Y8-1 -> 0.1085044 | AA12: =AA8/Z8-1 -> 0.078042328 | AB12: =AB8/AA8-1 -> 0.056441718 | ... AH12: =AH8/AG8-1 -> 0.032645223
B37: Pinterest Monetization
T39: 2016 | U39: 2017 | V39: 2018 | W39: 2019E | X39: 2020E | Y39: 2021E | Z39: 2022E | AA39: 2023E | AB39: 2024E | AC39: 2025E | AD39: 2026E | AE39: 2027E | AF39: 2028E | AG39: 2029E | AH39: 2030E
S40: US ARPU ($) | U40: ='ASM & Model'!BI46 -> 5.9761842 | V40: ='ASM & Model'!BJ46 -> 8.7953659 | W40: ='ASM & Model'!BK46 -> 12.66186 | X40: ='ASM & Model'!BL46 -> 16.717657 | Y40: ='ASM & Model'!BM46 -> 20.972865 | Z40: ='ASM & Model'!BN46 -> 25.328204 | AA40: ='ASM & Model'!BO46 -> 29.684348 | AB40: ='ASM & Model'!BP46 -> 33.64393 | ... AH40: ='ASM & Model'!BV46 -> 46.083488
S41: Int'l ARPU ($) | U41: ='ASM & Model'!BI50 -> 0.27230216 | V41: ='ASM & Model'!BJ50 -> 0.33994565 | W41: ='ASM & Model'!BK50 -> 0.60672199 | X41: ='ASM & Model'!BL50 -> 1.3494407 | Y41: ='ASM & Model'!BM50 -> 2.5667449 | Z41: ='ASM & Model'!BN50 -> 4.0160582 | AA41: ='ASM & Model'!BO50 -> 5.6986994 | AB41: ='ASM & Model'!BP50 -> 7.6272706 | ... AH41: ='ASM & Model'!BV50 -> 19.718977
S42: Global ARPU ($) | U42: ='ASM & Model'!BI54 -> 2.2885581 | V42: ='ASM & Model'!BJ54 -> 2.9465038 | W42: ='ASM & Model'!BK54 -> 3.7771865 | X42: ='ASM & Model'!BL54 -> 4.8650458 | Y42: ='ASM & Model'!BM54 -> 6.3763837 | Z42: ='ASM & Model'!BN54 -> 8.1329189 | AA42: ='ASM & Model'!BO54 -> 10.116476 | AB42: ='ASM & Model'!BP54 -> 12.269556 | ... AH42: ='ASM & Model'!BV54 -> 23.93977
U45: 2017 | V45: 2018 | W45: 2019E | X45: 2020E | Y45: 2021E | Z45: 2022E | AA45: 2023E | AB45: 2024E | AC45: 2025E | AD45: 2026E | AE45: 2027E | AF45: 2028E | AG45: 2029E | AH45: 2030E
S46: US Revenue ($M) | U46: ='ASM & Model'!BI80/1000 -> 454.19 | V46: ='ASM & Model'!BJ80/1000 -> 721.22 | W46: ='ASM & Model'!BK80/1000 -> 1088.92 | X46: ='ASM & Model'!BL80/1000 -> 1462.795 | Y46: ='ASM & Model'!BM80/1000 -> 1866.585 | Z46: ='ASM & Model'!BN80/1000 -> 2292.2025 | AA46: ='ASM & Model'!BO80/1000 -> 2730.96 | AB46: ='ASM & Model'!BP80/1000 -> 3145.7075 | ... AH46: ='ASM & Model'!BV80/1000 -> 4723.5575
S47: Int'l Revenue ($M) | U47: ='ASM & Model'!BI83/1000 -> 37.85 | V47: ='ASM & Model'!BJ83/1000 -> 62.55 | W47: ='ASM & Model'!BK83/1000 -> 146.22 | X47: ='ASM & Model'!BL83/1000 -> 398.085 | Y47: ='ASM & Model'!BM83/1000 -> 875.26 | Z47: ='ASM & Model'!BN83/1000 -> 1518.07 | AA47: ='ASM & Model'!BO83/1000 -> 2322.22 | AB47: ='ASM & Model'!BP83/1000 -> 3283.54 | ... AH47: ='ASM & Model'!BV83/1000 -> 10603.88
S48: Global Revenue ($M) | U48: ='ASM & Model'!BI86/1000 -> 492.04 | V48: ='ASM & Model'!BJ86/1000 -> 783.77 | W48: ='ASM & Model'!BK86/1000 -> 1235.14 | X48: ='ASM & Model'!BL86/1000 -> 1860.88 | Y48: ='ASM & Model'!BM86/1000 -> 2741.845 | Z48: ='ASM & Model'!BN86/1000 -> 3810.2725 | AA48: ='ASM & Model'!BO86/1000 -> 5053.18 | AB48: ='ASM & Model'!BP86/1000 -> 6429.2475 | ... AH48: ='ASM & Model'!BV86/1000 -> 15327.438
S49: US Rev % | U49: =U46/U48 -> 0.92307536 | V49: =V46/V48 -> 0.92019342 | W49: =W46/W48 -> 0.88161666 | X49: =X46/X48 -> 0.78607702 | Y49: =Y46/Y48 -> 0.680777 | Z49: =Z46/Z48 -> 0.60158493 | AA49: =AA46/AA48 -> 0.54044384 | AB49: =AB46/AB48 -> 0.48928082 | ... AH49: =AH46/AH48 -> 0.3081766
S50: Int'l Rev % | U50: =U47/U48 -> 0.07692464 | V50: =V47/V48 -> 0.079806576 | W50: =W47/W48 -> 0.11838334 | X50: =X47/X48 -> 0.21392298 | Y50: =Y47/Y48 -> 0.319223 | Z50: =Z47/Z48 -> 0.39841507 | AA50: =AA47/AA48 -> 0.45955616 | AB50: =AB47/AB48 -> 0.51071918 | ... AH50: =AH47/AH48 -> 0.6918234
S52: US Rev YoY | V52: =V46/U46-1 -> 0.58792576 | W52: =W46/V46-1 -> 0.50983056 | X52: =X46/W46-1 -> 0.34334478 | Y52: =Y46/X46-1 -> 0.27604005 | Z52: =Z46/Y46-1 -> 0.22801935 | AA52: =AA46/Z46-1 -> 0.19141306 | AB52: =AB46/AA46-1 -> 0.15186876 | AC52: =AC46/AB46-1 -> 0.12364071 | ... AH52: =AH46/AG46-1 -> 0.027855782
S53: Int'l Rev YoY | V53: =V47/U47-1 -> 0.65257596 | W53: =W47/V47-1 -> 1.3376499 | X53: =X47/W47-1 -> 1.7225072 | Y53: =Y47/X47-1 -> 1.1986762 | Z53: =Z47/Y47-1 -> 0.73442177 | AA53: =AA47/Z47-1 -> 0.52971866 | AB53: =AB47/AA47-1 -> 0.41396595 | AC53: =AC47/AB47-1 -> 0.32590512 | ... AH53: =AH47/AG47-1 -> 0.11389389
S54: Global Rev YoY | V54: =V48/U48-1 -> 0.59289895 | W54: =W48/V48-1 -> 0.57589599 | X54: =X48/W48-1 -> 0.50661463 | Y54: =Y48/X48-1 -> 0.47341312 | Z54: =Z48/Y48-1 -> 0.38967465 | AA54: =AA48/Z48-1 -> 0.32619911 | AB54: =AB48/AA48-1 -> 0.27231713 | AC54: =AC48/AB48-1 -> 0.22694102 | ... AH54: =AH48/AG48-1 -> 0.085882094
B87: Pinterest Margin Profile & Trojectory
U89: 2017 | V89: 2018 | W89: 2019E | X89: 2020E | Y89: 2021E | Z89: 2022E | AA89: 2023E | AB89: 2024E | AC89: 2025E | AD89: 2026E | AE89: 2027E | AF89: 2028E | AG89: 2029E | AH89: 2030E
S90: Gross Margin (%) | U90: ='ASM & Model'!BI12 -> 0.62215662 | V90: ='ASM & Model'!BJ12 -> 0.6804157 | W90: ='ASM & Model'!BK12 -> 0.66891246 | X90: ='ASM & Model'!BL12 -> 0.68039821 | Y90: ='ASM & Model'!BM12 -> 0.6900954 | Z90: ='ASM & Model'!BN12 -> 0.69971419 | AA90: ='ASM & Model'!BO12 -> 0.71042985 | AB90: ='ASM & Model'!BP12 -> 0.71989778 | ... AH90: ='ASM & Model'!BV12 -> 0.72886775
S91: Operating Margin (%) | U91: ='ASM & Model'!BI21 -> -0.2917065 | V91: ='ASM & Model'!BJ21 -> -0.098846193 | W91: ='ASM & Model'!BK21 -> -1.0920737 | X91: ='ASM & Model'!BL21 -> -0.16829882 | Y91: ='ASM & Model'!BM21 -> -0.089929533 | Z91: ='ASM & Model'!BN21 -> -0.032876947 | AA91: ='ASM & Model'!BO21 -> 0.054628943 | AB91: ='ASM & Model'!BP21 -> 0.085395736 | ... AH91: ='ASM & Model'!BV21 -> 0.16869944
S92: EBITDA Margin (%) | U92: ='ASM & Model'!BI24 -> -0.25758377 | V92: ='ASM & Model'!BJ24 -> -0.071252441 | W92: ='ASM & Model'!BK24 -> -1.0665592 | X92: ='ASM & Model'!BL24 -> -0.14329882 | Y92: ='ASM & Model'!BM24 -> -0.064929533 | Z92: ='ASM & Model'!BN24 -> -0.0078769467 | AA92: ='ASM & Model'!BO24 -> 0.079628943 | AB92: ='ASM & Model'!BP24 -> 0.11039574 | ... AH92: ='ASM & Model'!BV24 -> 0.19369944
S93: Adj. EBITDA Margin (%) | U93: ='ASM & Model'!BI27 -> -0.1966683 | V93: ='ASM & Model'!BJ27 -> -0.051595911 | W93: ='ASM & Model'!BK27 -> -0.038969554 | X93: ='ASM & Model'!BL27 -> -0.023468726 | Y93: ='ASM & Model'!BM27 -> 0.017155401 | Z93: ='ASM & Model'!BN27 -> 0.051846897 | AA93: ='ASM & Model'!BO27 -> 0.082105571 | AB93: ='ASM & Model'!BP27 -> 0.11278519 | ... AH93: ='ASM & Model'!BV27 -> 0.19579213
B130: Pinterest Cashflow & Cash Balance
T133: 2019E | U133: 2020E | V133: 2021E | W133: 2022E | X133: 2023E | Y133: 2024E | Z133: 2025E | AA133: 2026E | AB133: 2027E | AC133: 2028E | AD133: 2029E | AE133: 2030E
S134: FCF | T134: ='ASM & Model'!BK75 -> -282024.13 | U134: ='ASM & Model'!BL75 -> -426159.88 | V134: ='ASM & Model'!BM75 -> -430575.31 | W134: ='ASM & Model'!BN75 -> -328309.36 | X134: ='ASM & Model'!BO75 -> -27047.194 | Y134: ='ASM & Model'!BP75 -> 236878.35 | Z134: ='ASM & Model'!BQ75 -> 413665.63 | AA134: ='ASM & Model'!BR75 -> 704936.52 | ... AE134: ='ASM & Model'!BV75 -> 1777240.9
S136: Cash Balance | T136: ='ASM & Model'!BK77 -> 1620376.9 | U136: ='ASM & Model'!BL77 -> 1194217 | V136: ='ASM & Model'!BM77 -> 763641.68 | W136: ='ASM & Model'!BN77 -> 435332.32 | X136: ='ASM & Model'!BO77 -> 408285.12 | Y136: ='ASM & Model'!BP77 -> 645163.47 | Z136: ='ASM & Model'!BQ77 -> 1058829.1 | AA136: ='ASM & Model'!BR77 -> 1763765.6 | ... AE136: ='ASM & Model'!BV77 -> 7092672.8

Sheet Valuation
B1: WIP Model for Intellectual Exercise
B3: james.yeh@yncm-rs.com
B4: Annual Summary (In thousands) | C4: ='ASM & Model'!BI5 -> 2017 | D4: ='ASM & Model'!BJ5 -> 2018 | E4: ='ASM & Model'!BK5 -> 2019 | F4: ='ASM & Model'!BL5 -> 2020 | G4: ='ASM & Model'!BM5 -> 2021 | H4: ='ASM & Model'!BN5 -> 2022 | I4: ='ASM & Model'!BO5 -> 2023 | J4: ='ASM & Model'!BP5 -> 2024 | ... P4: ='ASM & Model'!BV5 -> 2030
B6: ='ASM & Model'!BH7 -> Revenue | C6: ='ASM & Model'!BI7 -> 472852 | D6: ='ASM & Model'!BJ7 -> 755932 | E6: ='ASM & Model'!BK7 -> 1212770 | F6: ='ASM & Model'!BL7 -> 1860880 | G6: ='ASM & Model'!BM7 -> 2741845 | H6: ='ASM & Model'!BN7 -> 3810272.5 | I6: ='ASM & Model'!BO7 -> 5053180 | ... P6: ='ASM & Model'!BV7 -> 15327438 | R6: x
B7: ='ASM & Model'!BH9 -> YoY (%) | D7: ='ASM & Model'!BJ9 -> 0.59866512 | E7: ='ASM & Model'!BK9 -> 0.60433743 | F7: ='ASM & Model'!BL9 -> 0.53440471 | G7: ='ASM & Model'!BM9 -> 0.47341312 | H7: ='ASM & Model'!BN9 -> 0.38967465 | I7: ='ASM & Model'!BO9 -> 0.32619911 | J7: ='ASM & Model'!BP9 -> 0.27231713 | K7: ='ASM & Model'!BQ9 -> 0.22694102 | ... P7: ='ASM & Model'!BV9 -> 0.085882094 | R7: x
B8: ='ASM & Model'!BH10 -> Cost of Revenue | C8: ='ASM & Model'!BI10 -> 178664 | D8: ='ASM & Model'!BJ10 -> 241584 | E8: ='ASM & Model'!BK10 -> 401533.04 | F8: ='ASM & Model'!BL10 -> 594740.58 | G8: ='ASM & Model'!BM10 -> 849710.38 | H8: ='ASM & Model'!BN10 -> 1144170.8 | I8: ='ASM & Model'!BO10 -> 1463250.1 | ... P8: ='ASM & Model'!BV10 -> 4155762.6 | R8: x
B9: ='ASM & Model'!BH11 -> Gross Profit | C9: ='ASM & Model'!BI11 -> 294188 | D9: ='ASM & Model'!BJ11 -> 514348 | E9: ='ASM & Model'!BK11 -> 811236.96 | F9: ='ASM & Model'!BL11 -> 1266139.4 | G9: ='ASM & Model'!BM11 -> 1892134.6 | H9: ='ASM & Model'!BN11 -> 2666101.7 | I9: ='ASM & Model'!BO11 -> 3589929.9 | ... P9: ='ASM & Model'!BV11 -> 11171675 | R9: x
B10: ='ASM & Model'!BH12 -> Gross Margin (%) | C10: ='ASM & Model'!BI12 -> 0.62215662 | D10: ='ASM & Model'!BJ12 -> 0.6804157 | E10: ='ASM & Model'!BK12 -> 0.66891246 | F10: ='ASM & Model'!BL12 -> 0.68039821 | G10: ='ASM & Model'!BM12 -> 0.6900954 | H10: ='ASM & Model'!BN12 -> 0.69971419 | I10: ='ASM & Model'!BO12 -> 0.71042985 | ... P10: ='ASM & Model'!BV12 -> 0.72886775 | R10: x
R11: x
B12: ='ASM & Model'!BH14 -> Research & Development Exp. | C12: ='ASM & Model'!BI14 -> 207973 | D12: ='ASM & Model'!BJ14 -> 251662 | E12: ='ASM & Model'!BK14 -> 1167942.4 | F12: ='ASM & Model'!BL14 -> 699185.65 | G12: ='ASM & Model'!BM14 -> 922319.67 | H12: ='ASM & Model'!BN14 -> 1193069.8 | I12: ='ASM & Model'!BO14 -> 1353415.9 | ... P12: ='ASM & Model'!BV14 -> 3451442.4 | R12: x
B13: ='ASM & Model'!BH15 -> R&D Exp. Ratio (%) | C13: ='ASM & Model'!BI15 -> 0.43982684 | D13: ='ASM & Model'!BJ15 -> 0.33291619 | E13: ='ASM & Model'!BK15 -> 0.96303699 | F13: ='ASM & Model'!BL15 -> 0.3757285 | G13: ='ASM & Model'!BM15 -> 0.33638651 | H13: ='ASM & Model'!BN15 -> 0.31311928 | I13: ='ASM & Model'!BO15 -> 0.2678345 | ... P13: ='ASM & Model'!BV15 -> 0.22518065 | R13: x
B14: ='ASM & Model'!BH16 -> Sales & Marketing Exp. | C14: ='ASM & Model'!BI16 -> 162514 | D14: ='ASM & Model'!BJ16 -> 259929 | E14: ='ASM & Model'!BK16 -> 629926.48 | F14: ='ASM & Model'!BL16 -> 659432.83 | G14: ='ASM & Model'!BM16 -> 913795.27 | H14: ='ASM & Model'!BN16 -> 1199356 | I14: ='ASM & Model'!BO16 -> 1490346.9 | ... P14: ='ASM & Model'!BV16 -> 3919132.4 | R14: x
B15: ='ASM & Model'!BH17 -> S&M Exp. Ratio (%) | C15: ='ASM & Model'!BI17 -> 0.34368893 | D15: ='ASM & Model'!BJ17 -> 0.34385236 | E15: ='ASM & Model'!BK17 -> 0.51941133 | F15: ='ASM & Model'!BL17 -> 0.35436612 | G15: ='ASM & Model'!BM17 -> 0.33327751 | H15: ='ASM & Model'!BN17 -> 0.31476908 | I15: ='ASM & Model'!BO17 -> 0.29493247 | ... P15: ='ASM & Model'!BV17 -> 0.25569391 | R15: x
B16: ='ASM & Model'!BH18 -> General & Administrative Exp. | C16: ='ASM & Model'!BI18 -> 61635 | D16: ='ASM & Model'!BJ18 -> 77478 | E16: ='ASM & Model'!BK18 -> 337802.34 | F16: ='ASM & Model'!BL18 -> 220704.86 | G16: ='ASM & Model'!BM18 -> 302592.53 | H16: ='ASM & Model'!BN18 -> 398946.13 | I16: ='ASM & Model'!BO18 -> 470117.22 | ... P16: ='ASM & Model'!BV18 -> 1215370 | R16: x
B17: ='ASM & Model'!BH19 -> G&A Exp. Ratio | C17: ='ASM & Model'!BI19 -> 0.13034734 | D17: ='ASM & Model'!BJ19 -> 0.10249335 | E17: ='ASM & Model'!BK19 -> 0.27853784 | F17: ='ASM & Model'!BL19 -> 0.11860241 | G17: ='ASM & Model'!BM19 -> 0.11036092 | H17: ='ASM & Model'!BN19 -> 0.10470278 | I17: ='ASM & Model'!BO19 -> 0.093033935 | ... P17: ='ASM & Model'!BV19 -> 0.079293751 | R17: x
B18: ='ASM & Model'!BH20 -> Operating P&L | C18: ='ASM & Model'!BI20 -> -137934 | D18: ='ASM & Model'!BJ20 -> -74721 | E18: ='ASM & Model'!BK20 -> -1324434.2 | F18: ='ASM & Model'!BL20 -> -313183.92 | G18: ='ASM & Model'!BM20 -> -246572.84 | H18: ='ASM & Model'!BN20 -> -125270.13 | I18: ='ASM & Model'!BO20 -> 276049.88 | ... P18: ='ASM & Model'!BV20 -> 2585730.1 | R18: x
B19: ='ASM & Model'!BH21 -> Operating Margin (%) | C19: ='ASM & Model'!BI21 -> -0.2917065 | D19: ='ASM & Model'!BJ21 -> -0.098846193 | E19: ='ASM & Model'!BK21 -> -1.0920737 | F19: ='ASM & Model'!BL21 -> -0.16829882 | G19: ='ASM & Model'!BM21 -> -0.089929533 | H19: ='ASM & Model'!BN21 -> -0.032876947 | I19: ='ASM & Model'!BO21 -> 0.054628943 | ... P19: ='ASM & Model'!BV21 -> 0.16869944 | R19: x
B20: ='ASM & Model'!BH22 -> + D&A Exp. | C20: ='ASM & Model'!BI22 -> 16135 | D20: ='ASM & Model'!BJ22 -> 20859 | E20: ='ASM & Model'!BK22 -> 30943.25 | F20: ='ASM & Model'!BL22 -> 46522 | G20: ='ASM & Model'!BM22 -> 68546.125 | H20: ='ASM & Model'!BN22 -> 95256.812 | I20: ='ASM & Model'!BO22 -> 126329.5 | ... P20: ='ASM & Model'!BV22 -> 383185.94 | R20: x
B21: = EBITDA | C21: =C18+C20 -> -121799 | D21: =D18+D20 -> -53862 | E21: =E18+E20 -> -1293491 | F21: =F18+F20 -> -266661.92 | G21: =G18+G20 -> -178026.72 | H21: =H18+H20 -> -30013.313 | I21: =I18+I20 -> 402379.38 | J21: =J18+J20 -> 709761.51 | ... P21: =P18+P20 -> 2968916 | R21: x
B22: EBITDA Margin (%) | C22: =C21/C6 -> -0.25758377 | D22: =D21/D6 -> -0.071252441 | E22: =E21/E6 -> -1.0665592 | F22: =F21/F6 -> -0.14329882 | G22: =G21/G6 -> -0.064929533 | H22: =H21/H6 -> -0.0078769467 | I22: =I21/I6 -> 0.079628943 | J22: =J21/J6 -> 0.11039574 | ... P22: =P21/P6 -> 0.19369944 | R22: x
B23: ='ASM & Model'!BH25 -> + SBC | C23: ='ASM & Model'!BI25 -> 28804 | D23: ='ASM & Model'!BJ25 -> 14859 | E23: ='ASM & Model'!BK25 -> 1246229.9 | F23: ='ASM & Model'!BL25 -> 222989.43 | G23: ='ASM & Model'!BM25 -> 225064.17 | H23: ='ASM & Model'!BN25 -> 227564.12 | I23: ='ASM & Model'!BO25 -> 12514.846 | ... P23: ='ASM & Model'!BV25 -> 32075.535 | R23: x
B24: ='ASM & Model'!BH26 -> = Adjusted EBITDA | C24: ='ASM & Model'!BI26 -> -92995 | D24: ='ASM & Model'!BJ26 -> -39003 | E24: ='ASM & Model'!BK26 -> -47261.106 | F24: ='ASM & Model'!BL26 -> -43672.483 | G24: ='ASM & Model'!BM26 -> 47037.451 | H24: ='ASM & Model'!BN26 -> 197550.81 | I24: ='ASM & Model'!BO26 -> 414894.23 | ... P24: ='ASM & Model'!BV26 -> 3000991.6 | R24: x
B25: ='ASM & Model'!BH27 -> Adjusted EBITDA Margin (%) | C25: ='ASM & Model'!BI27 -> -0.1966683 | D25: ='ASM & Model'!BJ27 -> -0.051595911 | E25: ='ASM & Model'!BK27 -> -0.038969554 | F25: ='ASM & Model'!BL27 -> -0.023468726 | G25: ='ASM & Model'!BM27 -> 0.017155401 | H25: ='ASM & Model'!BN27 -> 0.051846897 | I25: ='ASM & Model'!BO27 -> 0.082105571 | ... P25: ='ASM & Model'!BV27 -> 0.19579213 | R25: x
B26: ='ASM & Model'!BH29 -> YoY Percentage Point Change | C26: ='ASM & Model'!BI29 -> 0 | D26: ='ASM & Model'!BJ29 -> 0.14507239 | E26: ='ASM & Model'!BK29 -> 0.012626357 | F26: ='ASM & Model'!BL29 -> 0.015500828 | G26: ='ASM & Model'!BM29 -> 0.040624127 | H26: ='ASM & Model'!BN29 -> 0.034691496 | I26: ='ASM & Model'!BO29 -> 0.030258674 | ... P26: ='ASM & Model'!BV29 -> 0.0120382 | R26: x
B27: ='ASM & Model'!BH30 -> Int. Income | C27: ='ASM & Model'!BI30 -> 8313 | D27: ='ASM & Model'!BJ30 -> 13152 | E27: ='ASM & Model'!BK30 -> 28186 | F27: ='ASM & Model'!BL30 -> 32000 | G27: ='ASM & Model'!BM30 -> 32000 | H27: ='ASM & Model'!BN30 -> 32000 | I27: ='ASM & Model'!BO30 -> 32000 | ... P27: ='ASM & Model'!BV30 -> 32000 | R27: x
B28: ='ASM & Model'!BH31 -> Int. Exp. & Other Income / Exp., net | C28: ='ASM & Model'!BI31 -> -112 | D28: ='ASM & Model'!BJ31 -> -995 | E28: ='ASM & Model'!BK31 -> -1948 | F28: ='ASM & Model'!BL31 -> -2000 | G28: ='ASM & Model'!BM31 -> -2000 | H28: ='ASM & Model'!BN31 -> -2000 | I28: ='ASM & Model'!BO31 -> -2000 | ... P28: ='ASM & Model'!BV31 -> -2000 | R28: x
B29: ='ASM & Model'!BH32 -> Income / Loss before Income Taxes | C29: ='ASM & Model'!BI32 -> -129733 | D29: ='ASM & Model'!BJ32 -> -62564 | E29: ='ASM & Model'!BK32 -> -1298196.2 | F29: ='ASM & Model'!BL32 -> -13672.483 | G29: ='ASM & Model'!BM32 -> 77037.451 | H29: ='ASM & Model'!BN32 -> 227550.81 | I29: ='ASM & Model'!BO32 -> 444894.23 | ... P29: ='ASM & Model'!BV32 -> 3030991.6 | R29: x
B30: ='ASM & Model'!BH33 -> Income Taxes | C30: ='ASM & Model'!BI33 -> 311 | D30: ='ASM & Model'!BJ33 -> 410 | E30: ='ASM & Model'!BK33 -> 190 | F30: ='ASM & Model'!BL33 -> 4637.1618 | G30: ='ASM & Model'!BM33 -> 20431.668 | H30: ='ASM & Model'!BN33 -> 43319.726 | I30: ='ASM & Model'!BO33 -> 86134.403 | ... P30: ='ASM & Model'!BV33 -> 646432.53 | R30: x
B31: ='ASM & Model'!BH34 -> Net Income / Loss | C31: ='ASM & Model'!BI34 -> -130044 | D31: ='ASM & Model'!BJ34 -> -62974 | E31: ='ASM & Model'!BK34 -> -1298386.2 | F31: ='ASM & Model'!BL34 -> -18309.645 | G31: ='ASM & Model'!BM34 -> 56605.783 | H31: ='ASM & Model'!BN34 -> 184231.08 | I31: ='ASM & Model'!BO34 -> 358759.83 | ... P31: ='ASM & Model'!BV34 -> 2384559.1 | R31: x
R32: x
B33: ='ASM & Model'!BH67 -> Cash Flow | E33: Now | F33: 0.5 | G33: =F33+1 -> 1.5 | H33: =G33+1 -> 2.5 | I33: =H33+1 -> 3.5 | J33: =I33+1 -> 4.5 | K33: =J33+1 -> 5.5 | L33: =K33+1 -> 6.5 | M33: =L33+1 -> 7.5 | N33: =M33+1 -> 8.5 | ... P33: =O33+1 -> 10.5 | R33: x
B34: ='ASM & Model'!BH68 -> Operating P&L | C34: ='ASM & Model'!BI68 -> -137934 | D34: ='ASM & Model'!BJ68 -> -74721 | E34: ='ASM & Model'!BK68 -> -1324434.2 | F34: ='ASM & Model'!BL68 -> -313183.92 | G34: ='ASM & Model'!BM68 -> -246572.84 | H34: ='ASM & Model'!BN68 -> -125270.13 | I34: ='ASM & Model'!BO68 -> 276049.88 | ... P34: ='ASM & Model'!BV68 -> 2585730.1 | R34: x
B35: ='ASM & Model'!BH69 -> NOPAT | C35: ='ASM & Model'!BI69 -> -138245 | D35: ='ASM & Model'!BJ69 -> -75131 | E35: ='ASM & Model'!BK69 -> -1324624.2 | F35: ='ASM & Model'!BL69 -> -317821.08 | G35: ='ASM & Model'!BM69 -> -267004.51 | H35: ='ASM & Model'!BN69 -> -168589.85 | I35: ='ASM & Model'!BO69 -> 189915.48 | ... P35: ='ASM & Model'!BV69 -> 1939297.6 | R35: x
B36: ='ASM & Model'!BH70 -> Tax Rate | C36: ='ASM & Model'!BI70 -> 0 | D36: ='ASM & Model'!BJ70 -> 0 | E36: ='ASM & Model'!BK70 -> 0 | F36: ='ASM & Model'!BL70 -> 0 | G36: ='ASM & Model'!BM70 -> 0 | H36: ='ASM & Model'!BN70 -> 0 | I36: ='ASM & Model'!BO70 -> 0 | ... P36: ='ASM & Model'!BV70 -> 0 | R36: x
B37: ='ASM & Model'!BH71 -> + D&A Exp. | C37: ='ASM & Model'!BI71 -> 16135 | D37: ='ASM & Model'!BJ71 -> 20859 | E37: ='ASM & Model'!BK71 -> 30943.25 | F37: ='ASM & Model'!BL71 -> 46522 | G37: ='ASM & Model'!BM71 -> 68546.125 | H37: ='ASM & Model'!BN71 -> 95256.812 | I37: ='ASM & Model'!BO71 -> 126329.5 | ... P37: ='ASM & Model'!BV71 -> 383185.94 | R37: x
B38: ='ASM & Model'!BH72 -> + SBC | C38: ='ASM & Model'!BI72 -> 28804 | D38: ='ASM & Model'!BJ72 -> 14859 | E38: ='ASM & Model'!BK72 -> 1246229.9 | F38: ='ASM & Model'!BL72 -> 222989.43 | G38: ='ASM & Model'!BM72 -> 225064.17 | H38: ='ASM & Model'!BN72 -> 227564.12 | I38: ='ASM & Model'!BO72 -> 12514.846 | ... P38: ='ASM & Model'!BV72 -> 32075.535 | R38: x
B39: ='ASM & Model'!BH73 -> - Changes in NWC | E39: ='ASM & Model'!BK73 -> 95114 | F39: ='ASM & Model'!BL73 -> 111013.2 | G39: ='ASM & Model'!BM73 -> 167383.35 | H39: ='ASM & Model'!BN73 -> 164898.5 | I39: ='ASM & Model'!BO73 -> 223723.35 | J39: ='ASM & Model'!BP73 -> 183399.68 | K39: ='ASM & Model'!BQ73 -> 248040.2 | L39: ='ASM & Model'!BR73 -> 165215.32 | ... P39: ='ASM & Model'!BV73 -> 181836.38 | R39: x
B40: ='ASM & Model'!BH74 -> - Capex | E40: ='ASM & Model'!BK74 -> 28522.15 | F40: ='ASM & Model'!BL74 -> 43847.6 | G40: ='ASM & Model'!BM74 -> 64733.575 | H40: ='ASM & Model'!BN74 -> 90077.825 | I40: ='ASM & Model'!BO74 -> 119568.82 | J40: ='ASM & Model'!BP74 -> 152225.9 | K40: ='ASM & Model'!BQ74 -> 186851.38 | L40: ='ASM & Model'!BR74 -> 223057.35 | ... P40: ='ASM & Model'!BV74 -> 363406.23 | R40: x
B41: ='ASM & Model'!BH75 -> = FCF | E41: ='ASM & Model'!BK75 -> -282024.13 | F41: ='ASM & Model'!BL75 -> -426159.88 | G41: ='ASM & Model'!BM75 -> -430575.31 | H41: ='ASM & Model'!BN75 -> -328309.36 | I41: ='ASM & Model'!BO75 -> -27047.194 | J41: ='ASM & Model'!BP75 -> 236878.35 | K41: ='ASM & Model'!BQ75 -> 413665.63 | L41: ='ASM & Model'!BR75 -> 704936.52 | ... P41: ='ASM & Model'!BV75 -> 1777240.9 | R41: x
B42: ='ASM & Model'!BH76 -> Beginning Cash & Mkt Securities | C42: ='ASM & Model'!BI76 -> 0 | D42: ='ASM & Model'!BJ76 -> 711628 | E42: ='ASM & Model'!BK76 -> 627813 | F42: ='ASM & Model'!BL76 -> 1620376.9 | G42: ='ASM & Model'!BM76 -> 1194217 | H42: ='ASM & Model'!BN76 -> 763641.68 | I42: ='ASM & Model'!BO76 -> 435332.32 | ... P42: ='ASM & Model'!BV76 -> 5315431.9 | R42: x
B43: ='ASM & Model'!BH77 -> Ending Cash & Mkt Securities | C43: ='ASM & Model'!BI77 -> 711628 | D43: ='ASM & Model'!BJ77 -> 627813 | E43: ='ASM & Model'!BK77 -> 1620376.9 | F43: ='ASM & Model'!BL77 -> 1194217 | G43: ='ASM & Model'!BM77 -> 763641.68 | H43: ='ASM & Model'!BN77 -> 435332.32 | I43: ='ASM & Model'!BO77 -> 408285.12 | ... P43: ='ASM & Model'!BV77 -> 7092672.8 | R43: x
B44: ='ASM & Model'!BH78 -> Capital Shortfall | C44: ='ASM & Model'!BI78 -> 0 | D44: ='ASM & Model'!BJ78 -> 0 | E44: ='ASM & Model'!BK78 -> 0 | F44: ='ASM & Model'!BL78 -> 0 | G44: ='ASM & Model'!BM78 -> 0 | H44: ='ASM & Model'!BN78 -> 0 | I44: ='ASM & Model'!BO78 -> 0 | ... P44: ='ASM & Model'!BV78 -> 0 | R44: x
C45: Mid-Year Conversion | D45: Yes | E45: Discount Rate | F45: 0.15 | G45: 0.15 | H45: 0.15 | I45: 0.15 | J45: 0.1 | K45: 0.1 | L45: 0.1 | M45: 0.1 | N45: 0.1 | O45: 0.1 | P45: 0.08 | R45: x
C46: Terminal g | D46: 0.03 | E46: PV(FCF) | F46: =F41/(1+F45)^F33 -> -397396.13 | G46: =G41/(1+G45)^G33 -> -349142.21 | H46: =H41/(1+H45)^H33 -> -231493.43 | I46: =I41/(1+I45)^I33 -> -16583.636 | J46: =J41/(1+J45)^J33 -> 154261.76 | K46: =K41/(1+K45)^K33 -> 244900.5 | L46: =L41/(1+L45)^L33 -> 379400.2 | M46: =M41/(1+M45)^M33 -> 420944.43 | ... P46: =P41/(1+P45)^P33 -> 792130.75 | R46: x
C47: Terminal EV/EBITDA | D47: 10 | E47: PV(TV_CF) | P47: =P41*(1+D46)/(P45-D46)/(1+P45)^P33 -> 16317893 | R47: x
C48: Share Count | E48: PV(TV_EV/EBITDA) | P48: =(P18+P20)*D47/(1+P45)^P33 -> 13232701 | R48: x
C49: Class A | D49: 154489397 | R49: x
C50: Class B | D50: 388221025 | R50: x
C51: Shares Outstanding | D51: =SUM(D49:D50) -> 542710422 | R51: x
C52: Target Co | D52: Pinterest | F52: Comps | G52: Facebook | H52: Twitter | I52: Snapchat | J52: Google | L52: Note: | R52: x
C53: 43757 | D53: TV - Perpetual g | E53: TV - Multiple | F53: 43757 | L53: 1. The user base metric in calculation of EV per user is determined by the product use frequency. | R53: x
C54: DCF EV ($B) | D54: =(SUM(F46:P46)+P47)/10^6 -> 18.453818 | E54: =(SUM(F46:P46)+P48)/10^6 -> 15.368625 | F54: EV ($B) | G54: 481.62 | H54: 26.2 | I54: 17.46 | J54: 746.67 | R54: x
C55: - Debt | D55: 0 | E55: 0 | R55: x
C56: + Est. Cash | D56: =E43/10^6 -> 1.6203769 | E56: =E43/10^6 -> 1.6203769 | R56: x
C57: = Equity | D57: =D54-D55+D56 -> 20.074195 | E57: =E54+E56 -> 16.989002 | F57: Mkt Cap ($B) | G57: 530.22 | H57: 30.14 | I57: 18.65 | J57: 863.65 | R57: x
C58: Share Price ($/shr) | D58: =D57/D51*10^9 -> 36.988777 | E58: =E57/D51*10^9 -> 31.30399 | R58: x
C59: Most Recent MAU (M) | D59: 300 | E59: 300 | F59: MAU (M) | G59: 2414 | R59: x
C60: Est. WAU/MAU | D60: 0.57 | E60: 0.57 | F60: DAU/MAU | G60: =G61/G59 -> 0.65741508 | R60: x
C61: Est. WAU | D61: =D59*D60 -> 171 | E61: =E59*E60 -> 171 | F61: DAU (M) | G61: 1587 | H61: 139 | I61: 203 | R61: x
C62: EV per WAU ($) | D62: =D54/D61*1000 -> 107.91706 | E62: =E54/E61*1000 -> 89.874999 | F62: EV per DAU ($) | G62: =G54/G61*1000 -> 303.47826 | H62: =H54/H61*1000 -> 188.48921 | I62: =I54/I61*1000 -> 86.009852 | R62: x
C63: EV / Rev_2019 | D63: =D54/E6*10^6 -> 15.216255 | E63: =E54/E6*10^6 -> 12.672333 | F63: EV / Rev (LTM) | G63: 7.7 | H63: 8 | I63: 12.5 | J63: 5 | R63: x
C64: EV / EBIT_2030 | D64: =D54/P18*10^6 -> 7.1367919 | E64: =E54/P18*10^6 -> 5.9436307 | F64: EV / EBIT (LTM) | G64: 18.1 | H64: 31.4 | J64: 22 | R64: x
C65: EV / EBITDA_2030 | D65: =D54/P21*10^6 -> 6.2156751 | E65: =E54/P21*10^6 -> 5.1765104 | F65: EV / EBITDA (LTM) | G65: 13.4 | H65: 20.7 | J65: 13.7 | R65: x
C66: Rev Growth_19-20 | D66: =F7 -> 0.53440471 | E66: =F7 -> 0.53440471 | F66: Rev Growth (Con.) | G66: 0.255 | H66: 0.169 | I66: 0.439 | J66: 0.188 | R66: x
C67: EBIT Margin_2030 | D67: =P19 -> 0.16869944 | E67: =P19 -> 0.16869944 | F67: EBIT Margin (LTM) | G67: 0.424 | H67: 0.253 | I67: -0.357 | J67: 0.229 | R67: x
C68: EBITDA Margin_2030 | D68: =P22 -> 0.19369944 | E68: =P22 -> 0.19369944 | F68: EBITDA Margin (LTM) | G68: 0.576 | H68: 0.385 | I68: -0.28 | J68: 0.367 | R68: x
R69: x
C70: PINS_2019/10/19 | D70: 25.31 | R70: x
C71: Upside / Downside | D71: =D58/D70-1 -> 0.46142934 | E71: =E58/D70-1 -> 0.236823 | R71: x
B72: ='ASM & Model'!BH36 -> < Metrics > | R72: x
B73: ='ASM & Model'!BH37 -> User Base | R73: x
B74: ='ASM & Model'!BH38 -> US MAU (M) | C74: ='ASM & Model'!BI38 -> 76 | D74: ='ASM & Model'!BJ38 -> 82 | E74: ='ASM & Model'!BK38 -> 86 | F74: ='ASM & Model'!BL38 -> 87.5 | G74: ='ASM & Model'!BM38 -> 89 | H74: ='ASM & Model'!BN38 -> 90.5 | I74: ='ASM & Model'!BO38 -> 92 | ... P74: ='ASM & Model'!BV38 -> 102.5 | R74: x
B75: ='ASM & Model'!BH39 -> Net Addition | C75: ='ASM & Model'!BI39 -> 6 | D75: ='ASM & Model'!BJ39 -> 6 | E75: ='ASM & Model'!BK39 -> 4 | F75: ='ASM & Model'!BL39 -> 1.5 | G75: ='ASM & Model'!BM39 -> 1.5 | H75: ='ASM & Model'!BN39 -> 1.5 | I75: ='ASM & Model'!BO39 -> 1.5 | ... P75: ='ASM & Model'!BV39 -> 1.5 | R75: x
B76: ='ASM & Model'!BH40 -> Int'l MAU (M) | C76: ='ASM & Model'!BI40 -> 139 | D76: ='ASM & Model'!BJ40 -> 184 | E76: ='ASM & Model'!BK40 -> 241 | F76: ='ASM & Model'!BL40 -> 295 | G76: ='ASM & Model'!BM40 -> 341 | H76: ='ASM & Model'!BN40 -> 378 | I76: ='ASM & Model'!BO40 -> 407.5 | ... P76: ='ASM & Model'!BV40 -> 537.75 | R76: x
B77: ='ASM & Model'!BH41 -> Net Addition | C77: ='ASM & Model'!BI41 -> 49 | D77: ='ASM & Model'!BJ41 -> 45 | E77: ='ASM & Model'!BK41 -> 57 | F77: ='ASM & Model'!BL41 -> 54 | G77: ='ASM & Model'!BM41 -> 46 | H77: ='ASM & Model'!BN41 -> 37 | I77: ='ASM & Model'!BO41 -> 29.5 | ... P77: ='ASM & Model'!BV41 -> 17 | R77: x
B78: ='ASM & Model'!BH42 -> Global MAU (M) | C78: ='ASM & Model'!BI42 -> 215 | D78: ='ASM & Model'!BJ42 -> 266 | E78: ='ASM & Model'!BK42 -> 327 | F78: ='ASM & Model'!BL42 -> 382.5 | G78: ='ASM & Model'!BM42 -> 430 | H78: ='ASM & Model'!BN42 -> 468.5 | I78: ='ASM & Model'!BO42 -> 499.5 | ... P78: ='ASM & Model'!BV42 -> 640.25 | R78: x
B79: ='ASM & Model'!BH44 -> YoY (%) | C79: ='ASM & Model'!BI44 -> 0 | D79: ='ASM & Model'!BJ44 -> 0.2372093 | E79: ='ASM & Model'!BK44 -> 0.22932331 | F79: ='ASM & Model'!BL44 -> 0.16972477 | G79: ='ASM & Model'!BM44 -> 0.12418301 | H79: ='ASM & Model'!BN44 -> 0.089534884 | I79: ='ASM & Model'!BO44 -> 0.066168623 | ... P79: ='ASM & Model'!BV44 -> 0.029754725 | R79: x
B80: ='ASM & Model'!BH45 -> Monetization - Annual | R80: x
B81: ='ASM & Model'!BH46 -> US ARPU ($) | C81: ='ASM & Model'!BI46 -> 5.9761842 | D81: ='ASM & Model'!BJ46 -> 8.7953659 | E81: ='ASM & Model'!BK46 -> 12.66186 | F81: ='ASM & Model'!BL46 -> 16.717657 | G81: ='ASM & Model'!BM46 -> 20.972865 | H81: ='ASM & Model'!BN46 -> 25.328204 | I81: ='ASM & Model'!BO46 -> 29.684348 | ... P81: ='ASM & Model'!BV46 -> 46.083488 | R81: x
B82: ='ASM & Model'!BH48 -> YoY Increase / (Decease) | C82: ='ASM & Model'!BI48 -> 0 | D82: ='ASM & Model'!BJ48 -> 2.8191816 | E82: ='ASM & Model'!BK48 -> 3.8664946 | F82: ='ASM & Model'!BL48 -> 4.0557967 | G82: ='ASM & Model'!BM48 -> 4.255208 | H82: ='ASM & Model'!BN48 -> 4.3553393 | I82: ='ASM & Model'!BO48 -> 4.3561434 | ... P82: ='ASM & Model'!BV48 -> 0.58304226 | R82: x
B83: ='ASM & Model'!BH49 -> 2nd Derivative | C83: ='ASM & Model'!BI49 -> 0 | D83: ='ASM & Model'!BJ49 -> 0 | E83: ='ASM & Model'!BK49 -> 1.047313 | F83: ='ASM & Model'!BL49 -> 0.18930207 | G83: ='ASM & Model'!BM49 -> 0.19941135 | H83: ='ASM & Model'!BN49 -> 0.10013123 | I83: ='ASM & Model'!BO49 -> 0.00080415485 | ... P83: ='ASM & Model'!BV49 -> -0.59632288 | R83: x
B84: ='ASM & Model'!BH50 -> Int'l ARPU ($) | C84: ='ASM & Model'!BI50 -> 0.27230216 | D84: ='ASM & Model'!BJ50 -> 0.33994565 | E84: ='ASM & Model'!BK50 -> 0.60672199 | F84: ='ASM & Model'!BL50 -> 1.3494407 | G84: ='ASM & Model'!BM50 -> 2.5667449 | H84: ='ASM & Model'!BN50 -> 4.0160582 | I84: ='ASM & Model'!BO50 -> 5.6986994 | ... P84: ='ASM & Model'!BV50 -> 19.718977 | R84: x
B85: ='ASM & Model'!BH52 -> YoY Increase / (Decease) | C85: ='ASM & Model'!BI52 -> 0 | D85: ='ASM & Model'!BJ52 -> 0.067643494 | E85: ='ASM & Model'!BK52 -> 0.26677634 | F85: ='ASM & Model'!BL52 -> 0.74271869 | G85: ='ASM & Model'!BM52 -> 1.2173042 | H85: ='ASM & Model'!BN52 -> 1.4493133 | I85: ='ASM & Model'!BO52 -> 1.6826412 | ... P85: ='ASM & Model'!BV52 -> 1.4383243 | R85: x
B86: ='ASM & Model'!BH53 -> 2nd Derivative | C86: ='ASM & Model'!BI53 -> 0 | D86: ='ASM & Model'!BJ53 -> 0 | E86: ='ASM & Model'!BK53 -> 0.19913285 | F86: ='ASM & Model'!BL53 -> 0.47594235 | G86: ='ASM & Model'!BM53 -> 0.4745855 | H86: ='ASM & Model'!BN53 -> 0.23200914 | I86: ='ASM & Model'!BO53 -> 0.23332785 | ... P86: ='ASM & Model'!BV53 -> -0.71425911 | R86: x
B87: ='ASM & Model'!BH54 -> Global ARPU ($) | C87: ='ASM & Model'!BI54 -> 2.2885581 | D87: ='ASM & Model'!BJ54 -> 2.9465038 | E87: ='ASM & Model'!BK54 -> 3.7771865 | F87: ='ASM & Model'!BL54 -> 4.8650458 | G87: ='ASM & Model'!BM54 -> 6.3763837 | H87: ='ASM & Model'!BN54 -> 8.1329189 | I87: ='ASM & Model'!BO54 -> 10.116476 | ... P87: ='ASM & Model'!BV54 -> 23.93977 | R87: x
B88: ='ASM & Model'!BH56 -> YoY Increase / (Decease) | C88: ='ASM & Model'!BI56 -> 0 | D88: ='ASM & Model'!BJ56 -> 0.65794562 | E88: ='ASM & Model'!BK56 -> 0.83068278 | F88: ='ASM & Model'!BL56 -> 1.0878592 | G88: ='ASM & Model'!BM56 -> 1.511338 | H88: ='ASM & Model'!BN56 -> 1.7565352 | I88: ='ASM & Model'!BO56 -> 1.9835576 | ... P88: ='ASM & Model'!BV56 -> 1.2374053 | R88: x
B89: ='ASM & Model'!BH57 -> 2nd Derivative | C89: ='ASM & Model'!BI57 -> 0 | D89: ='ASM & Model'!BJ57 -> 0 | E89: ='ASM & Model'!BK57 -> 0.17273717 | F89: ='ASM & Model'!BL57 -> 0.25717642 | G89: ='ASM & Model'!BM57 -> 0.42347876 | H89: ='ASM & Model'!BN57 -> 0.2451972 | I89: ='ASM & Model'!BO57 -> 0.22702242 | ... P89: ='ASM & Model'!BV57 -> -0.68673684 | R89: x
B90: ='ASM & Model'!BH58 -> Platform Economics | R90: x
B91: ='ASM & Model'!BH59 -> From User Base Perspective | R91: x
B92: ='ASM & Model'!BH60 -> Cost of Revenue / Global MAU ($) | C92: ='ASM & Model'!BI60 -> 0.83099535 | D92: ='ASM & Model'!BJ60 -> 0.90821053 | E92: ='ASM & Model'!BK60 -> 1.2279298 | F92: ='ASM & Model'!BL60 -> 1.5548773 | G92: ='ASM & Model'!BM60 -> 1.9760706 | H92: ='ASM & Model'!BN60 -> 2.4422001 | I92: ='ASM & Model'!BO60 -> 2.9294296 | ... P92: ='ASM & Model'!BV60 -> 6.4908436 | R92: x
B93: ='ASM & Model'!BH61 -> S&M Exp. / Global MAU ($) | C93: ='ASM & Model'!BI61 -> 0.75587907 | D93: ='ASM & Model'!BJ61 -> 0.97717669 | E93: ='ASM & Model'!BK61 -> 1.9263807 | F93: ='ASM & Model'!BL61 -> 1.7240074 | G93: ='ASM & Model'!BM61 -> 2.1251053 | H93: ='ASM & Model'!BN61 -> 2.5599914 | I93: ='ASM & Model'!BO61 -> 2.9836774 | ... P93: ='ASM & Model'!BV61 -> 6.1212533 | R93: x
B94: ='ASM & Model'!BH62 -> Unit Cost to Serve & Acquire & Retain | C94: ='ASM & Model'!BI62 -> 1.5868744 | D94: ='ASM & Model'!BJ62 -> 1.8853872 | E94: ='ASM & Model'!BK62 -> 3.1543104 | F94: ='ASM & Model'!BL62 -> 3.2788847 | G94: ='ASM & Model'!BM62 -> 4.1011759 | H94: ='ASM & Model'!BN62 -> 5.0021915 | I94: ='ASM & Model'!BO62 -> 5.913107 | ... P94: ='ASM & Model'!BV62 -> 12.612097 | R94: x
B95: ='ASM & Model'!BH63 -> CM1 | C95: ='ASM & Model'!BI63 -> 0.63689131 | D95: ='ASM & Model'!BJ63 -> 0.69176672 | E95: ='ASM & Model'!BK63 -> 0.67490889 | F95: ='ASM & Model'!BL63 -> 0.68039821 | G95: ='ASM & Model'!BM63 -> 0.6900954 | H95: ='ASM & Model'!BN63 -> 0.69971419 | I95: ='ASM & Model'!BO63 -> 0.71042985 | ... P95: ='ASM & Model'!BV63 -> 0.72886775 | R95: x
B96: ='ASM & Model'!BH64 -> CM2 | C96: ='ASM & Model'!BI64 -> 0.30660515 | D96: ='ASM & Model'!BJ64 -> 0.36012733 | E96: ='ASM & Model'!BK64 -> 0.16490477 | F96: ='ASM & Model'!BL64 -> 0.32603209 | G96: ='ASM & Model'!BM64 -> 0.35681789 | H96: ='ASM & Model'!BN64 -> 0.38494511 | I96: ='ASM & Model'!BO64 -> 0.41549738 | ... P96: ='ASM & Model'!BV64 -> 0.47317384 | R96: x
B97: ='ASM & Model'!BH65 -> From BD Perspective | R97: x
B98: ='ASM & Model'!BH66 -> Rev_Y / S&M Exp_Y | C98: ='ASM & Model'!BI66 -> 2.9096078 | D98: ='ASM & Model'!BJ66 -> 2.9082249 | E98: ='ASM & Model'!BK66 -> 1.9252564 | F98: ='ASM & Model'!BL66 -> 2.8219402 | G98: ='ASM & Model'!BM66 -> 3.0005025 | H98: ='ASM & Model'!BN66 -> 3.1769321 | I98: ='ASM & Model'!BO66 -> 3.3906067 | ... P98: ='ASM & Model'!BV66 -> 3.9109262 | R98: x

Sheet Data
C1: December 31, | I1: 43190 | J1: 43281 | K1: 43555 | L1: 43646
B2: ASSETS | C2: 2017 | D2: 2018 | I2: Three Months Ended March 31, | J2: Six Months Ended June 30, | K2: Three Months Ended March 31, | L2: Six Months Ended June 30,
B3: Current assets: | I3: 2018 | J3: 2018 | K3: 2019 | L3: 2019
B4: Cash and cash equivalents | C4: 71468 | D4: 122509 | H4: Operating activities
B5: Marketable securities | C5: 640160 | D5: 505304 | H5: Net loss | I5: -52709 | J5: -91116 | K5: -41420 | L5: -1200921
B6: Accounts receivable net of allowances of $2,408 and $3,097 as of December 31, 2017 and 2018, respectively | C6: 136597 | D6: 221932 | F6: =C6+C7+C10+C12+C13-C17-C18-C20-C21 -> 111015 | G6: =D6+D7+D10+D12+D13-D17-D18-D20-D21 -> 147440 | H6: Adjustments to reconcile net loss to net cash used in operating activities:
B7: Prepaid expenses and other current assets | C7: 38734 | D7: 39607 | H7: Depreciation and amortization | I7: 4787 | J7: 10298 | K7: 5696 | L7: 12203
B8: Total current assets | C8: 886959 | D8: 889352 | H8: Share-based compensation | I8: 4834 | J8: 8793 | K8: 694 | L8: 1135293
B9: Property and equipment, net | C9: 87255 | D9: 81512 | H9: Other | I9: 654 | J9: 1287 | K9: -993 | L9: -2713
B10: Operating lease right-of-use assets | C10: 152257 | D10: 145203 | H10: Changes in assets and liabilities:
B11: Goodwill and intangible assets, net | C11: 9037 | D11: 14071 | H11: Accounts receivable | I11: 39309 | J11: 14599 | K11: 61329 | L11: 19615
B12: Restricted cash | C12: 11650 | D12: 11724 | H12: Prepaid expenses and other assets | I12: 7102 | J12: 11303 | K12: 510 | L12: -6174
B13: Other assets | C13: 25887 | D13: 10869 | H13: Operating lease right-of-use assets | I13: 4551 | J13: 9063 | K13: 6427 | L13: 14040
B14: Total assets | C14: 1173045 | D14: 1152731 | H14: Accounts payable | I14: 4484 | J14: 3286 | K14: 7481 | L14: 7189
B15: LIABILITIES, REDEEMABLE CONVERTIBLE PREFERRED STOCK AND STOCKHOLDERS' EQUITY (DEFICIT) | H15: Accrued expenses and other liabilities | I15: 2696 | J15: 10704 | K15: -2024 | L15: 15310
B16: Current liabilities: | H16: Operating lease liabilities | I16: -2174 | J16: -7044 | K16: -4578 | L16: -10217
B17: Accounts payable | C17: 15428 | D17: 22169 | H17: Net cash used in operating activities | I17: 13534 | J17: -28827 | K17: 33122 | L17: -16375
B18: Accrued expenses and other current liabilities | C18: 64374 | D18: 86258 | H18: Investing activities
B19: Total current liabilities | C19: 79802 | D19: 108427 | H19: Purchases of property and equipment | I19: -8240 | J19: -13585 | K19: -3706 | L19: -11914
B20: Operating lease liabilities | C20: 162273 | D20: 151395 | H20: Purchases of marketable securities | I20: -83569 | J20: -298425 | K20: -113952 | L20: -159315
B21: Other liabilities | C21: 12035 | D21: 22073 | H21: Sales of marketable securities | I21: 36408 | J21: 42392 | K21: 28953 | L21: 60239
B22: Total liabilities | C22: 254110 | D22: 281895 | H22: Maturities of marketable securities | I22: 142428 | J22: 338028 | K22: 84883 | L22: 166288
B23: Commitments and contingencies | H23: Net cash provided by investing activities | I23: 87027 | J23: 68410 | K23: -3822 | L23: 55298
B24: Redeemable convertible preferred stock, $0.00001 par value, 928,676 shares authorized; 308,373 shares issued and outstanding as of December 31, 2017 and 2018; aggregate liquidation preference of $1,466,902 as of December 31, 2017 and 2018; no shares authorized, issued and outstanding, pro forma (unaudited) | C24: 1465399 | D24: 1465399 | H24: Financing activities
B25: Stockholders' equity (deficit): | H25: Proceeds from initial public offering, net of underwriters' discounts and commissions | J25: 0 | L25: 1573200
B26: Common stock, $0.00001 par value, 1,932,500 shares authorized; 126,771 and 127,298 shares issued and outstanding as of December 31, 2017 and 2018; 452,524 shares issued and outstanding, pro forma (unaudited) | C26: 1 | D26: 1 | H26: Proceeds from exercise of stock options, net | I26: 435 | J26: 861 | K26: 110 | L26: 702
B27: Additional paid-in capital | C27: 236682 | D27: 252212 | H27: Shares repurchased for tax withholdings on release of restricted stock units | J27: 0 | L27: -302675
B28: Accumulated other comprehensive loss | C28: -766 | D28: -1421 | H28: Other financing activities | I28: 0 | K28: -3279
B29: Accumulated deficit | C29: -782381 | D29: -845355 | H29: Payment of deferred offering costs and other financing activities | J29: 0 | L29: -10103
B30: Total stockholders' equity (deficit) | C30: -546464 | D30: -594563 | H30: Net cash provided by financing activities | I30: 435 | J30: 861 | K30: -3169 | L30: 1261124
B31: Total liabilities, redeemable convertible preferred stock, and stockholders' equity (deficit) | C31: 1173045 | D31: 1152731 | H31: Effect of exchange rate changes on cash, cash equivalents, and restricted cash | I31: 48 | J31: -110 | K31: 8 | L31: -17
H32: Net increase in cash, cash equivalents, and restricted cash | I32: 101044 | J32: 40334 | K32: 26139 | L32: 1300030
C33: 43465 | D33: 43555 | E33: 43646 | H33: Cash, cash equivalents, and restricted cash, beginning of period | I33: 83969 | J33: 83969 | K33: 135290 | L33: 135290
C34: December 31, | D34: March 31, | E34: June 30, | H34: Cash, cash equivalents, and restricted cash, end of period | I34: 185013 | J34: 124303 | K34: 161429 | L34: 1435320
C35: 2018 | D35: 2019 | E35: 2019 | H35: Supplemental cash flow information
B36: ASSETS | H36: Accrued property and equipment | J36: 4283 | L36: 4618
B37: Current assets: | H37: Operating lease right-of-use assets obtained in exchange for operating lease liabilities | J37: 2912 | L37: 23381
B38: Cash and cash equivalents | C38: 122509 | D38: 134648 | E38: 1408739
B39: Marketable securities | C39: 505304 | D39: 507568 | E39: 442009
B40: Accounts receivable net of allowances of $2,600 and $3,097 as of March 31, 2019 and December 31, 2018, respectively | C40: 221932 | D40: 161108 | E40: 202957 | G40: =SUM(D40:D41,D44,D46:D47)-SUM(D51:D52,D54:D55) -> 92435
B41: Prepaid expenses and other current assets | C41: 39607 | D41: 43623 | E41: 52711
B42: Total current assets | C42: 889352 | D42: 846947 | E42: 2106416
B43: Property and equipment, net | C43: 81512 | D43: 83031 | E43: 84612
B44: Operating lease right-of-use assets | C44: 145203 | D44: 160802 | E44: 153618
B45: Goodwill and intangible assets, net | C45: 14071 | D45: 13728 | E45: 15364
B46: Restricted cash | C46: 11724 | D46: 25724 | E46: 23315
B47: Other assets | C47: 10869 | D47: 11008 | E47: 3851
B48: Total assets | C48: 1152731 | D48: 1141240 | E48: 2387176
B49: LIABILITIES, REDEEMABLE CONVERTIBLE PREFERRED STOCK AND STOCKHOLDERS' EQUITY (DEFICIT)
B50: Current liabilities:
B51: Accounts payable | C51: 22169 | D51: 30320 | E51: 30524
B52: Accrued expenses and other current liabilities | C52: 86258 | D52: 93206 | E52: 109373
B53: Total current liabilities | C53: 108427 | D53: 123526 | E53: 139897
B54: Operating lease liabilities | C54: 151395 | D54: 162359 | E54: 155847
B55: Other liabilities | C55: 22073 | D55: 23945 | E55: 18192
B56: Total liabilities | C56: 281895 | D56: 309830 | E56: 313936
B57: Commitments and contingencies
B58: Redeemable convertible preferred stock, $0.00001 par value, 928,676 shares authorized; 308,373 shares issued and outstanding as of March 31, 2019 and December 31, 2018, respectively | C58: 1465399 | D58: 1465399 | E58: 0
B59: Stockholders' equity (deficit):
B60: Common stock, $0.00001 par value, 1,932,500 shares authorized; 127,371 and 127,298 shares issued and outstanding as of March 31, 2019 and December 31, 2018, respectively | C60: 1 | D60: 1 | E60: 0
B61: Class A common stock, $0.00001 par value, 6,666,667 shares authorized, 127,017 shares issued and outstanding as of June 30, 2019; Class B common stock, $0.00001 par value, 1,333,333 shares authorized, 415,688 shares issued and outstanding as of June 30, 2019; no shares authorized, issued or outstanding as of December 31, 2018 for either class | C61: 0 | E61: 5
B62: Additional paid-in capital | C62: 252212 | D62: 253016 | E62: 4118988
B63: Accumulated other comprehensive loss | C63: -1421 | D63: -231 | E63: 523
B64: Accumulated deficit | C64: -845355 | D64: -886775 | E64: -2046276
B65: Total stockholders' equity (deficit) | C65: -594563 | D65: -633989 | E65: 2073240
B66: Total liabilities, redeemable convertible preferred stock, and stockholders' equity (deficit) | C66: 1152731 | D66: 1141240 | E66: 2387176

Sheet Comps
B15: < 2019/10/19 from atom finance >
